 Dungeon Crawl Stone Soup version 0.30.0-20-g3615ddf2f0 (webtiles) character file.

Game seed: 11638213753019221642

637151 qw the Conqueror (level 27, -1/199 HPs)
             Began as a Gargoyle Fighter on May 31, 2023.
             Was an Elder of Okawaru.
             Killed from afar by Boris (65 damage)
             ... with an iron shot
             ... on level 3 of the Tomb of the Ancients.
             The game lasted 00:46:42 (65229 turns).

qw the Conqueror (Gargoyle Fighter)                Turns: 65229, Time: 00:46:42

Health: -1/199     AC: 63    Str: 51      XL:     27
Magic:  31/31      EV: 19    Int: 16      God:    Okawaru [****..]
Gold:   1573       SH: 25    Dex: 14 (15) Spells: 26/26 levels left

rFire   + + .        l - +9 broad axe (vamp)
rCold   + . .        K - +0 tower shield
rNeg    + . .        h - +7 gold dragon scales
rPois   inf          w - +2 helmet
rElec   +            j - +1 cloak of Diogh {Str+3 SInv}
rCorr   +            L - +1 pair of gloves "Rounamno" {Str+2 Int+5}
SInv    +            x - +2 pair of boots
Will    +++..        J - amulet of faith Stlth
                     R - ring of Ysatso Zauca {Drain rElec Will+ rCorr Str+4 Dex+6}
HPRegen 0.53/turn    m - +10 ring of strength
MPRegen 0.22/turn

%: faith
@: heroic, flying, slowed, unable to read, very slow
A: sickness immunity, AC +20, big wings, negative energy resistance 1,
electricity resistance, torment resistance 1, petrification resistance, talons
1, deformed body, deterioration 1, fire resistance 1, wild magic 1, evolution 1,
inability to read after injury 1
}: 4/15 runes: serpentine, barnacled, slimy, silver
a: Renounce Religion, Heroism, Finesse


You were on level 3 of the Tomb of the Ancients.
You worshipped Okawaru.
Okawaru was greatly pleased with you.
You visited 12 branches of the dungeon, and saw 55 of its levels.
You visited 1 bazaar.
You also visited: Sewer and Ossuary.

You collected 9824 gold pieces.
You spent 8251 gold pieces at shops.


Innate Abilities, Weirdness & Mutations

You are immune to sickness and miasma.
Your stone body is resilient. (AC +20)
You are immune to poison.
Your large and strong wings let you fly.
You resist negative energy. (rN+)
You are resistant to electric shocks. (rElec)
You are resistant to unholy torment.
You are immune to petrification.
You have sharp toenails.
Armour fits poorly on your strangely shaped body.
Your body sometimes deteriorates upon taking damage.
Your flesh is heat resistant. (rF+)
Your spells are a little harder to cast, but a little more powerful.
You have hidden genetic potential.
You occasionally lose the ability to read scrolls when taking damage.


   Skills:
 O Level 27 Fighting
 + Level 19.1(24.1) Axes
 - Level 17.0(22.0) Throwing
 - Level 22.1(27) Armour
 - Level 15.6(20.6) Dodging
 - Level 22.0(27) Shields
 - Level 11.6 Invocations


You had 26 spell levels left.
You didn't know any spells.
Your spell library was empty.

Inventory:

Hand Weapons
 l - a +9 vampiric broad axe (weapon)
Missiles
 k - 2 silver boomerangs
 q - 6 boomerangs
 E - 16 javelins (quivered)
Armour
 h - +7 gold dragon scales (worn)
 j - the +1 cloak of Diogh (worn) {Str+3 SInv}
   (You found it on level 5 of the Lair of Beasts)

   Str:       It affects your strength (+3).
   SInv:      It lets you see invisible.
 w - a +2 helmet (worn)
 x - a +2 pair of boots (worn)
 K - a +0 tower shield (worn)
 L - the +1 pair of gloves "Rounamno" (worn) {Str+2 Int+5}
   (Okawaru gifted it to you on level 2 of the Vaults)

   Str:       It affects your strength (+2).
   Int:       It affects your intelligence (+5).
 O - the +0 pair of boots of the Cuttlefish {rF+ Int+3}
   (You found it on level 1 of the Depths)

   Int:       It affects your intelligence (+3).
   rF:        It protects you from fire.
Jewellery
 c - a ring of protection from fire
 m - a +10 ring of strength (right hand)
 u - the ring "Ixoc" {rC+ rN+ Stlth+}
   (You took it off a vampire knight on level 3 of the Crypt)

   [ring of positive energy]

   rC:        It protects you from cold.
   rN:        It protects you from negative energy.
   Stlth:     It makes you more stealthy.
 G - the amulet of Issok {rPois Regen+ Str+6}
   (You found it on level 1 of the Vaults)

   [amulet of regeneration]

   Str:       It affects your strength (+6).
   rPois:     It protects you from poison.
   Regen:     It increases your rate of health regeneration.
 J - an amulet of faith (around neck)
 M - a ring of fire
 N - a ring of protection from cold
 R - the ring of Ysatso Zauca (left hand) {Drain rElec Will+ rCorr Str+4 Dex+6}
   (You took it off a spriggan on level 4 of the Depths)

   [ring of dexterity]

   Str:       It affects your strength (+4).
   Dex:       It affects your dexterity (+6).
   rElec:     It insulates you from electricity.
   rCorr:     It protects you from acid and corrosion.
   Drain:     It drains your maximum health when unequipped.
   Will:      It increases your willpower.
 Y - a +5 ring of evasion
Wands
 s - a wand of digging (20)
Scrolls
 e - 5 scrolls of identify
 o - 18 scrolls of teleportation
 v - 3 scrolls of brand weapon
 P - 7 scrolls of enchant weapon
Potions
 a - 8 potions of lignification
 d - 15 potions of might
 f - 4 potions of haste
 g - 7 potions of attraction
 n - 34 potions of curing
 p - 2 potions of resistance
 r - 2 potions of magic
 t - 3 potions of heal wounds
 z - 3 potions of cancellation

Dungeon Overview and Level Annotations

Branches:
Dungeon (15/15)            Temple (1/1) D:5            Lair (5/5) D:11
 Shoals (4/4) Lair:3        Snake (4/4) Lair:2        Slime (5/5) Lair:4
    Orc (2/2) D:11            Elf (0/3) Orc:2        Vaults (5/5) D:14
  Crypt (3/3) Vaults:3       Tomb (3/3) Crypt:3      Depths (4/4) D:15
    Zot (4/5) Depths:4      Sewer (visited)         Ossuary (visited)

Altars:
Ashenzari
Cheibriados
Dithmenos
Elyvilon
Fedhas
Gozag
Hepliaklqana
Kikubaaqudgha
Makhleb
Nemelex Xobeh
Okawaru
Qazlal
Ru
Sif Muna
Trog
Uskayaw
Vehumet
Wu Jian
Xom
Yredelemnul
Zin
The Shining One
Jiyva

Shops:
D:3 *(!!   D:7 !   D:8 [   Orc:2 ((((   Shoals:2 (   Shoals:4 *   Snake:1 *(
Vaults:1 *   Vaults:5 =??!?!!?[?!   Depths:1 =   Depths:3 ?=

Portals:
Hell: Lair:5 Depths:1 Depths:2 Depths:3 Depths:4
Abyss: Depths:2 Depths:3 Depths:4
Pandemonium: Depths:2
Ziggurat: Depths:2

Annotations:
D:4 1 runed translucent door
D:5 3 runed translucent doors, qw's ghost, novice GrFi
D:10 2 transporters
Tomb:3 Boris
Depths:4 6 runed translucent doors
Zot:2 6 transporters


Message History

Pain shoots through your body!
The mummy priest utters an invocation to its god.
The mummy priest hits you but does no damage.
You block the orange demon's attack. You block the red devil's attack.
You block the guardian mummy's attack.
You hear a faint skittering sound.
65227 ||| READING 19 scrolls of teleportation.
As you read the scroll of teleportation, it crumbles to dust.
You feel strangely unstable. You block the flying skull's attack. x2
The orange demon stings you but does no damage.
The red devil closely misses you. The phantasmal warrior hits you.
The ynoxinul gestures at you.
The iron shot hits you but does no damage.
The mummy priest invokes the aid of its god against you.
Something smites you!
A mummy comes into view.
You block the guardian mummy's attack. The flying skull closely misses you.
65228 ||| DRINKING 5 potions of heal wounds.
You feel much better.
You block the phantasmal warrior's attack.
You block the flying skull's attack.
The red devil hits you but does no damage.
You block the orange demon's attack. The mummy priest misses you.
The guardian mummy fails to trigger a net trap.
You block the guardian mummy's attack. The red devil closely misses you.
The orange demon completely misses you. The flying skull misses you.
The phantasmal warrior closely misses you.
The mummy priest invokes the aid of its god against you.
Something smites you!
65229 ||| DRINKING 4 potions of heal wounds.
You feel much better.
Your surroundings suddenly seem different.
Found six items.
The ancient champion gestures wildly while chanting.
The ancient champion seems to speed up.
Boris casts a spell at you. The iron shot hits you!!!
You feel threatened and lose the ability to read scrolls!
You die...

######## ###### #MWB4(M#
##$$[$##
#n3MBzs###.($$$$##
.##.MMMzM##..$)"$$[##
.##zW.MMM##..M$$$$$$##
..#WWMMMB#....$$$$$$$##
..#M.¤BMM#.....M$$$$$$##
.M'M..¤B.'.....)@M$$$$$#
..#.....¤#.....LV$$$$$$$
..# #..^...¤$s/$$$$ .#
##.......^M$$$$ .#
#.....%ZWB$$$$ ##
##....B.z.V.$$ #.^......
##<..BW...$$# .......B^
##z.V.....$# .........
##.4W..$$##


You could see 2 royal mummies, Boris (invisible), an emperor scorpion
(summoned), an ancient champion (fast), a mummy priest, a phantasmal warrior
(summoned), a guardian mummy, a freezing wraith (summoned), a spectral centaur
warrior (summoned), 2 vampires, a death scarab and a wight (summoned).

Vanquished Creatures
  the Royal Jelly (Slime:5)
  A dread lich (Vaults:5)
  2 orbs of fire
  An ancient lich (Vaults:5)
  4 juggernauts
  6 royal mummies
  3 curse toes
  A caustic shrike (Depths:3)
  10 golden dragons
  A profane servitor (Crypt:3)
  2 bone dragons (Depths:4)
  3 electric golems (Zot:1)
  17 tentacled monstrosities
  Rupert (Lair:5)
  6 liches
  A walking earthen tome (Depths:4)
  16 acid blobs
  7 titans
  10 death cobs
  5 quicksilver dragons
  8 ancient champions
  10 sphinxes
  4 tengu reavers
  5 shadow dragons
  6 draconian knights
  13 storm dragons
  9 draconian monks
  4 iron dragons
  14 azure jellies
  5 revenants
  Donald (Snake:3)
  9 frost giants
  3 nagarajas (Snake:4)
  9 rockslimes
  5 fire giants
  A deep elf sorcerer (Vaults:5)
  9 draconian scorchers
  7 draconian shifters
  17 vault wardens
  8 curse skulls
  10 draconian stormcallers
  5 ironbound thunderhulks
  3 war gargoyles
  9 ghouls
  22 very ugly things
  2 orc warlords
  16 stone giants
  A caustic shrike skeleton (Crypt:2)
  11 draconian annihilators
  2 reapers (Crypt:2)
  7 quicksilver oozes
  26 ironbound preservers
  10 green draconians
  10 vampire knights
  12 black draconians
  12 white draconians
  A deep elf annihilator (Vaults:5)
  3 deep elf demonologists (Vaults:5)
  13 yellow draconians
  3 demonspawn black suns (Zot:4)
  2 bennus (Tomb:1)
  14 dire elephants
  16 red draconians
  10 spark wasps
  15 purple draconians
  7 deep elf death magi
  A blizzard demon (Tomb:1)
  17 mummy priests
  4 eidola
  2 crystal guardians
  12 merfolk impalers
  26 ettins
  7 merfolk javelineers
  7 fire dragons
  3 deep elf high priests (Vaults:5)
  14 jiangshi
  3 entropy weavers
  Josephine (D:13)
  9 hydras
  A hell beast (Depths:2)
  3 ice dragons
  12 great orbs of eyes
  20 yaktaur captains
  An elf skeleton (Crypt:2)
  A fenstrider witch zombie (Crypt:2)
  4 merfolk avatars
  An ice dragon (shapeshifter) (Depths:3)
  3 rakshasas
  3 salamander tyrants (Snake:4)
  An ogre mage (Vaults:3)
  A spriggan skeleton (Tomb:1)
  3 peacekeepers
  29 vault guards
  An alligator snapping turtle (Shoals:4)
  9 ironbound frosthearts
  3 spriggan air magi (Depths:4)
  2 catoblepae
  A jorogumo (shapeshifter) (Vaults:5)
  5 death knights
  8 centaur warriors
  5 satyrs
  6 boulder beetles
  8 deep troll shamans
  5 merfolk aquamancers
  11 anacondas
  5 two-headed ogres
  6 dancing weapons (Crypt:1)
  5 deep troll earth magi
  5 tengu warriors
  75 death scarabs
  15 naga warriors
  An orc high priest (Orc:1)
  15 vampire magi
  18 death yaks
  12 naga sharpshooters
  5 spriggan berserkers
  2 soul eaters (Crypt:2)
  Urug (Lair:5)
  Nergalle (D:12)
  10 hell knights
  8 shock serpents
  Sonja (Lair:1)
  5 salamander mystics
  5 iron trolls
  22 skeletal warriors
  6 skysharks
  Lodul (D:12)
  2 sixfirhies
  A titan skeleton (Crypt:3)
  71 deep trolls
  10 glowing orange brains
  A bunyip zombie (Crypt:3)
  8 sea snakes
  8 flayed ghosts
  8 naga ritualists
  Pikel (D:5)
  15 wizards
  An anaconda skeleton (Crypt:2)
  A bunyip skeleton (Crypt:3)
  16 phantasmal warriors
  4 necromancers
  16 orc knights
  18 ironbound convokers
  6 lindwurms
  3 deep elf pyromancers
  23 harpies
  5 shining eyes
  11 mana vipers
  An oklob plant (Lair:2)
  3 orc sorcerers
  3 stone giant zombies
  21 fauns
  34 ugly things
  A cyclops (shapeshifter) (Depths:3)
  16 manticores
  A dire elephant zombie (Crypt:3)
  27 salamanders
  7 elephants
  7 cyclopes
  9 merfolk sirens
  21 moths of wrath
  A salamander (shapeshifter) (Vaults:3)
  Maurice (D:8)
  A shock serpent zombie (Crypt:3)
  2 rust devils (Depths:2)
  17 naga magi
  Joseph (D:8)
  2 torpor snails
  52 black mambas
  23 vault sentinels
  2 smoke demons
  A gargoyle (D:14)
  2 orange demons
  An eye of devastation (Slime:5)
  6 guardian serpents
  13 cane toads
  Maggie (D:8)
  6 water nymphs
  5 rime drakes
  3 centaur skeletons
  A dire elephant skeleton (Tomb:1)
  5 freezing wraiths
  13 komodo dragons
  An unseen horror (D:12)
  A naga skeleton (Crypt:3)
  41 yaktaurs
  3 tengu conjurers
  An efreet (D:14)
  43 guardian mummies
  6 ice devils
  A death drake zombie (Crypt:1)
  3 meliai (D:13)
  31 merfolk
  A hellwing (Depths:2)
  A harpy zombie (Crypt:3)
  5 polar bears
  5 wind drakes (Shoals:4)
  4 hornets
  Prince Ribbit (D:8)
  A harpy skeleton (Tomb:1)
  2 tarantellas (Vaults:4)
  4 trolls
  13 blink frogs
  10 snapping turtles
  11 dream sheep
  2 boulder beetle zombies
  A fire dragon zombie (Crypt:2)
  5 flying skulls (Tomb:2)
  5 shadows
  80 slime creatures
  A centaur simulacrum (Crypt:3)
  An ettin skeleton (Crypt:3)
  A yak (shapeshifter) (Vaults:5)
  3 spriggans (Depths:4)
  4 wyverns
  12 ushabtiu
  3 vampires (Crypt:3)
  9 wraiths
  A ynoxinul (Depths:2)
  59 yaks
  11 water elementals
  A hog (shapeshifter) (Vaults:5)
  A human (shapeshifter) (Vaults:5)
  19 humans (D:14)
  A basilisk (Lair:3)
  3 steam dragons
  5 redbacks
  2 redbacks (shapeshifter)
  11 vampire mosquitoes
  2 naga zombies
  A swamp worm (shapeshifter) (Vaults:5)
  A demonspawn zombie (Crypt:3)
  A glowing shapeshifter zombie (Crypt:1)
  An acid dragon (shapeshifter) (D:15)
  2 acid dragons (D:12)
  56 nagas
  A cane toad zombie (Crypt:3)
  10 wargs
  15 water moccasins
  2 floating eyes
  3 hell hounds (Lair:5)
  Duvessa (D:5)
  Pargi (Sewer)
  44 orc warriors
  2 sky beasts
  4 black bears
  2 ice beasts (D:8)
  A blink frog zombie (Crypt:1)
  4 boggarts
  5 wolves (Lair:2)
  A swamp dragon skeleton (Crypt:1)
  14 ogres
  13 centaurs
  2 phantoms (D:5)
  7 kobold brigands
  2 lemures (D:5)
  Blork the orc (D:5)
  2 cyclops zombies (Depths:2)
  A gnoll sergeant (D:11)
  13 bullfrogs
  A komodo dragon skeleton (Crypt:2)
  4 scorpions
  3 necrophages (Crypt:3)
  A salamander skeleton (Crypt:3)
  7 wights
  Dowan (D:5)
  A spriggan zombie (Crypt:2)
  9 killer bees
  An electric eel (Lair:5)
  3 howler monkeys (D:13)
  4 lava snakes (Lair:2)
  10 orc priests
  3 jellies
  3 hounds
  2 human zombies (D:4)
  A gnoll bouda (D:4)
  2 sleepcaps (D:5)
  Ijyb (D:5)
  2 iguanas (D:5)
  13 orc wizards
  A polar bear simulacrum (Lair:5)
  A boggart skeleton (Crypt:2)
  3 yak simulacra (Lair:5)
  3 wolf simulacra (Lair:5)
  A tengu zombie (Crypt:3)
  An acid dragon skeleton (Crypt:3)
  A deep dwarf skeleton (Crypt:1)
  An ogre skeleton (Crypt:2)
  50 mummies
  9 adders
  15 gnolls
  2 shadow imps
  2 dart slugs (D:4)
  80 orcs
  6 ball pythons (D:4)
  3 endoplasms
  4 giant cockroaches (D:3)
  A gnoll zombie (Ossuary)
  4 goblins
  2 hobgoblins
  5 jackals
  10 kobolds
  7 quokkas
  5 bats
  An endoplasm zombie (Crypt:1)
  3 frilled lizards
  A gnoll skeleton (Crypt:2)
  4 hobgoblin zombies
  A jackal zombie (Crypt:1)
  A kobold zombie (Ossuary)
  5 orc zombies
  4 rats
  A rat zombie (Crypt:3)
  4 river rat simulacra (Lair:5)
2462 creatures vanquished.

Vanquished Creatures (others)
  A draconian knight (Zot:3)
  A ghost moth (Zot:1)
  A draconian stormcaller (Zot:4)
  A black draconian (Zot:2)
  Nessos (Lair:5)
  A naga warrior (Snake:3)
  A wizard (Vaults:2)
  A yaktaur (Vaults:3)
  An orc wizard (D:5)
  2 orcs (Orc:1)
11 creatures vanquished.

Grand Total: 2473 creatures vanquished

Notes
Turn   | Place    | Note
-------+----------+-------------------------------------------
     0 | D:1      | qw the Gargoyle Fighter began the quest for the Orb.
     0 | D:1      | Reached XP level 1. HP: 14/14 MP: 1/1
     0 | D:1      | 0 ||| qw: Version: 0.2-a-102-gfc559e5
     0 | D:1      | 0 ||| qw: Game counter: 524
     0 | D:1      | 0 ||| qw: Always use a shield: true
     0 | D:1      | 0 ||| qw: God list: Okawaru
     0 | D:1      | 0 ||| qw: Allow faded altars: false
     0 | D:1      | 0 ||| qw: Do Orc after D:15 true
     0 | D:1      | 0 ||| qw: Do second Lair branch before Depths: true
     0 | D:1      | 0 ||| qw: Lair rune preference: random
     0 | D:1      | 0 ||| qw: Plans: Normal, Zot:1-4, Slime:5, God:TSO, Crypt,
                  | Tomb, Pan, Hells, Abyss, Win
     0 | D:1      | 0 ||| PLANNING D:1-11
    95 | D:1      | Reached XP level 2. HP: 16/19 MP: 2/2
   184 | D:1      | 184 ||| DROPPING +0 club.
   488 | D:1      | 488 ||| UPGRADING to +0 chain mail.
   498 | D:1      | 498 ||| DROPPING +0 scale mail.
   499 | D:1      | 499 ||| READING scroll labelled GELOAKO BUSE.
   500 | D:1      | 500 ||| READING scroll labelled UHEIPOPOMU.
   501 | D:1      | 501 ||| READING 2 scrolls labelled NOFAPRUSYI.
   502 | D:1      | 502 ||| READING scroll labelled UKAVOO XITE.
   515 | D:1      | 515 ||| DRINKING 2 viscous sapphire potions.
   516 | D:1      | 516 ||| DRINKING 3 white potions.
   517 | D:1      | 517 ||| DRINKING 2 coppery potions.
   518 | D:1      | 518 ||| DROPPING scroll of poison.
   519 | D:1      | 519 ||| DROPPING potion of brilliance.
   662 | D:2      | Reached skill level 3 in Axes
   759 | D:2      | Reached XP level 3. HP: 21/23 MP: 3/3
   816 | D:2      | 816 ||| Stepping ~*~*~tactically~*~*~ (stealth).
   901 | D:2      | 901 ||| Stepping ~*~*~tactically~*~*~ (stealth).
   902 | D:2      | 902 ||| Stepping ~*~*~tactically~*~*~ (stealth).
  1069 | D:2      | Found a faded altar of an unknown god.
  1070 | D:2      | 1070 ||| READING scroll labelled OPREGA CAVUAP.
  1092 | D:3      | 1092 ||| PLANNING SEWER
  1095 | D:3      | 1095 ||| STAIRDANCE
  1099 | D:2      | Reached XP level 4. HP: 23/28 MP: 4/4
  1128 | D:2      | 1128 ||| DROPPING +0 mace.
  1169 | D:3      | Found a glowing drain.
  1170 | D:3      | 1170 ||| DRINKING 2 red potions.
  1174 | D:3      | Found Sileyrao's Antique Weapon Boutique.
  1223 | Sewer    | Entered a sewer
  1321 | Sewer    | Noticed Pargi
  1329 | Sewer    | Killed Pargi
  1330 | Sewer    | Reached XP level 5. HP: 32/32 MP: 5/5
  1339 | Sewer    | 1339 ||| READING scroll labelled BUOGIS SAJOA.
  1353 | D:3      | 1353 ||| PLANNING D:1-11
  1362 | D:3      | 1362 ||| SHOPLISTING glowing mace (144 gold, have 139).
  1362 | D:3      | 1362 ||| BUYING morningstar (96 gold).
  1362 | D:3      | Bought a morningstar for 96 gold pieces
  1362 | D:3      | 1362 ||| DROPPING +0 flail.
  1367 | D:3      | Found Tuingekh's Distillery.
  1375 | D:3      | 1375 ||| SHOPLISTING potion of cancellation (88 gold, have
                  | 52).
  1375 | D:3      | 1375 ||| SHOPLISTING potion of heal wounds (55 gold, have
                  | 52).
  1375 | D:3      | 1375 ||| BUYING potion of might (44 gold).
  1375 | D:3      | Bought a potion of might for 44 gold pieces
  1375 | D:3      | 1375 ||| SHOPLISTING potion of mutation (88 gold, have 8).
  1453 | D:3      | Reached XP level 6. HP: 38/38 MP: 6/6
  1486 | D:3      | Found Dogeqe's Distillery.
  1489 | D:3      | 1489 ||| SHOPLISTING 3 potions of might (132 gold, have
                  | 52).
  1489 | D:3      | 1489 ||| BUYING potion of curing (33 gold).
  1489 | D:3      | Bought a potion of curing for 33 gold pieces
  1489 | D:3      | 1489 ||| SHOPLISTING potion of haste (110 gold, have 19).
  1489 | D:3      | 1489 ||| SHOPLISTING potion of heal wounds (55 gold, have
                  | 19).
  1489 | D:3      | 1489 ||| SHOPLISTING potion of mutation (88 gold, have 19).
  1612 | D:3      | Found Syrch's Assorted Antiques.
  1620 | D:3      | 1620 ||| SHOPLISTING bloodstained scale mail (225 gold,
                  | have 42).
  1620 | D:3      | 1620 ||| SHOPLISTING moonstone ring (125 gold, have 42).
  1620 | D:3      | 1620 ||| BUYING ruby potion (22 gold).
  1620 | D:3      | Bought a ruby potion for 22 gold pieces
  1620 | D:3      | 1620 ||| SHOPLISTING scroll of identify (50 gold, have 20).
  1668 | D:3      | 1668 ||| UPGRADING to +0 pair of boots.
  1673 | D:3      | 1673 ||| READING scroll labelled MOSIYS LIJEUSUT.
  1674 | D:3      | 1674 ||| DRINKING 2 ruby potions.
  1675 | D:3      | 1675 ||| READING 2 scrolls of identify.
  1675 | D:3      | 1675 ||| IDENTIFYING bubbling brown potion
  1676 | D:3      | 1676 ||| DROPPING potion of degeneration.
  1677 | D:3      | 1677 ||| DROPPING potion of flight.
  1761 | D:4      | 1761 ||| Stepping ~*~*~tactically~*~*~ (stealth).
  1763 | D:4      | 1763 ||| Stepping ~*~*~tactically~*~*~ (hiding).
  1773 | D:4      | Reached skill level 4 in Fighting
  1785 | D:4      | HP: 7/38 [gnoll/+0 halberd[a gnoll bouda] (5)]
  1786 | D:4      | 1786 ||| DRINKING 2 potions of heal wounds.
  1795 | D:4      | 1795 ||| Stepping ~*~*~tactically~*~*~ (stealth).
  1796 | D:4      | 1796 ||| Stepping ~*~*~tactically~*~*~ (stealth).
  2020 | D:4      | 2020 ||| FLEEEEING.
  2021 | D:4      | 2021 ||| FLEEEEING.
  2022 | D:4      | 2022 ||| FLEEEEING.
  2023 | D:4      | 2023 ||| FLEEEEING.
  2024 | D:4      | 2024 ||| FLEEEEING.
  2025 | D:4      | 2025 ||| FLEEEEING.
  2026 | D:4      | 2026 ||| FLEEEEING.
  2027 | D:4      | 2027 ||| FLEEEEING.
  2028 | D:4      | 2028 ||| FLEEEEING.
  2060 | D:4      | Reached skill level 6 in Axes
  2069 | D:4      | 2069 ||| Stepping ~*~*~tactically~*~*~ (stealth).
  2070 | D:4      | 2070 ||| Stepping ~*~*~tactically~*~*~ (stealth).
  2071 | D:4      | 2071 ||| FLEEEEING.
  2087 | D:4      | Reached skill level 1 in Dodging
  2087 | D:4      | Reached XP level 7. HP: 25/43 MP: 7/7
  2088 | D:4      | 2088 ||| Stepping ~*~*~tactically~*~*~ (stealth).
  2092 | D:4      | 2092 ||| FLEEEEING.
  2098 | D:4      | 2098 ||| FLEEEEING.
  2099 | D:4      | 2099 ||| FLEEEEING.
  2102 | D:4      | 2102 ||| FLEEEEING.
  2103 | D:4      | 2103 ||| FLEEEEING.
  2104 | D:4      | 2104 ||| FLEEEEING.
  2105 | D:4      | 2105 ||| FLEEEEING.
  2106 | D:4      | 2106 ||| FLEEEEING.
  2107 | D:4      | 2107 ||| FLEEEEING.
  2116 | D:4      | 2116 ||| FLEEEEING.
  2117 | D:4      | 2117 ||| FLEEEEING.
  2118 | D:4      | 2118 ||| FLEEEEING.
  2119 | D:4      | 2119 ||| STAIRDANCE
  2199 | D:4      | Found a hide-covered altar of Uskayaw.
  2304 | D:4      | Found a runed translucent door.
  2304 | D:4      | Noticed a human
  2306 | D:4      | Found a basalt altar of Yredelemnul.
  2678 | D:4      | 2678 ||| Stepping ~*~*~tactically~*~*~ (hiding).
  2830 | D:4      | 2830 ||| READING scroll labelled DUMUEF YRAMP.
  2831 | D:4      | 2831 ||| READING 4 scrolls of identify.
  2831 | D:4      | 2831 ||| IDENTIFYING sedimented grey potion
  2910 | D:5      | Entered Level 5 of the Dungeon
  3009 | D:5      | 3009 ||| Stepping ~*~*~tactically~*~*~ (hiding).
  3010 | D:5      | 3010 ||| Stepping ~*~*~tactically~*~*~ (hiding).
  3019 | D:5      | 3019 ||| Stepping ~*~*~tactically~*~*~ (water).
  3054 | D:5      | 3054 ||| Stepping ~*~*~tactically~*~*~ (cloud).
  3089 | D:5      | 3089 ||| Stepping ~*~*~tactically~*~*~ (hiding).
  3109 | D:5      | 3109 ||| FLEEEEING.
  3110 | D:5      | 3110 ||| FLEEEEING.
  3111 | D:5      | 3111 ||| FLEEEEING.
  3114 | D:5      | 3114 ||| FLEEEEING.
  3115 | D:5      | 3115 ||| FLEEEEING.
  3116 | D:5      | 3116 ||| FLEEEEING.
  3117 | D:5      | 3117 ||| FLEEEEING.
  3119 | D:5      | 3119 ||| FLEEEEING.
  3120 | D:5      | 3120 ||| FLEEEEING.
  3121 | D:5      | 3121 ||| STAIRDANCE
  3199 | D:4      | 3199 ||| READING 2 scrolls labelled IBRIENU RY DEN.
  3202 | D:4      | 3202 ||| DRINKING 3 fizzy yellow potions.
  3325 | D:5      | Found a staircase to the Ecumenical Temple.
  3326 | D:5      | 3326 ||| PLANNING TEMPLE
  3326 | D:5      | 3326 ||| READING scroll labelled RIXTISKUENN.
  3334 | Temple   | Entered the Ecumenical Temple
  3334 | Temple   | Noticed a hellwing
  3334 | Temple   | Noticed a sun demon
  3334 | Temple   | Noticed a Tzitzimitl
  3334 | Temple   | Noticed a smoke demon
  3334 | Temple   | Noticed a hellwing
  3335 | Temple   | Noticed a red devil
  3335 | Temple   | Noticed Vuus the pandemonium lord
  3335 | Temple   | Noticed Hipta the pandemonium lord
  3335 | Temple   | Noticed a rust devil
  3335 | Temple   | Noticed a red devil
  3337 | Temple   | Noticed Curiqeuf the pandemonium lord
  3354 | Temple   | 3354 ||| PLANNING OKAWARU WORSHIP
  3377 | Temple   | Noticed a hellwing
  3378 | Temple   | Noticed a red devil
  3379 | Temple   | Noticed Uwnos the pandemonium lord
  3398 | Temple   | Noticed Galaonia the pandemonium lord
  3399 | Temple   | Noticed a red devil
  3405 | Temple   | Noticed a soul eater
  3407 | Temple   | Noticed a blizzard demon
  3407 | Temple   | Noticed Liaxam the pandemonium lord
  3411 | Temple   | Noticed an Ice Fiend
  3453 | Temple   | Became a worshipper of Warmaster Okawaru
  3453 | Temple   | 3453 ||| PLANNING D:1-11
  3478 | D:5      | Noticed Duvessa
  3478 | D:5      | Noticed Dowan
  3496 | D:5      | Killed Duvessa
  3497 | D:5      | Reached XP level 8. HP: 35/48 MP: 8/8
  3502 | D:5      | 3502 ||| Stepping ~*~*~tactically~*~*~ (hiding).
  3506 | D:5      | Killed Dowan
  3507 | D:5      | Reached skill level 5 in Fighting
  3576 | D:5      | Noticed Pikel
  3577 | D:5      | 3577 ||| Stepping ~*~*~tactically~*~*~ (stealth).
  3599 | D:5      | HP: 10/49 [Pikel/+0 whip of freezing (5)]
  3600 | D:5      | 3600 ||| READING scroll of teleportation.
  3601 | D:5      | 3601 ||| DRINKING 2 potions of heal wounds.
  3604 | D:5      | Killed Pikel
  3604 | D:5      | Reached * piety under Okawaru
  3730 | D:5      | Noticed Blork the orc
  3731 | D:5      | 3731 ||| INVOKING Heroism.
  3739 | D:5      | Killed Blork the orc
  3740 | D:5      | Reached skill level 1 in Invocations
  3797 | D:5      | Noticed Ijyb
  3798 | D:5      | 3798 ||| Stepping ~*~*~tactically~*~*~ (hiding).
  3802 | D:5      | 3802 ||| INVOKING Heroism.
  3803 | D:5      | 3803 ||| DRINKING 2 potions of curing.
  3803 | D:5      | 3803 ||| (to cure confusion)
  3805 | D:5      | Killed Ijyb
  3943 | D:5      | 3943 ||| Stepping ~*~*~tactically~*~*~ (hiding).
  3956 | D:5      | 3956 ||| Stepping ~*~*~tactically~*~*~ (stealth).
  3959 | D:5      | 3959 ||| Stepping ~*~*~tactically~*~*~ (stealth).
  3965 | D:5      | 3965 ||| INVOKING Heroism.
  3990 | D:5      | Found a runed translucent gate.
  3992 | D:5      | Found a runed translucent gate.
  3992 | D:5      | Found a runed translucent gate.
  3995 | D:5      | Identified the +3 ring mail of Foolhardiness {rF+}
  3995 | D:5      | Noticed qw's ghost (novice GrFi)
  4221 | D:5      | Reached skill level 6 in Fighting
  4245 | D:5      | Reached skill level 3 in Invocations
  4245 | D:5      | Reached XP level 9. HP: 55/55 MP: 9/11
  4289 | D:5      | Reached ** piety under Okawaru
  4472 | D:5      | 4472 ||| UPGRADING to +4 chain mail of cold resistance.
  4482 | D:5      | 4482 ||| DROPPING +0 chain mail.
  4483 | D:5      | 4483 ||| UPGRADING to amulet of reflection.
  4488 | D:5      | 4488 ||| UPGRADING to ring of see invisible.
  4489 | D:5      | 4489 ||| READING 4 scrolls of identify.
  4489 | D:5      | 4489 ||| IDENTIFYING orange potion
  4490 | D:5      | 4490 ||| DROPPING potion of berserk rage.
  4596 | D:6      | Identified the +3 leather armour "Moatuhu" {Fly rElec
                  | Str-3}
  4614 | D:6      | Reached skill level 9 in Axes
  4770 | D:6      | 4770 ||| INVOKING Heroism.
  5097 | D:6      | 5097 ||| Stepping ~*~*~tactically~*~*~ (hiding).
  5098 | D:6      | 5098 ||| Stepping ~*~*~tactically~*~*~ (hiding).
  5240 | D:6      | 5240 ||| READING scroll of enchant weapon.
  5240 | D:6      | 5240 ||| ENCHANTING +1 war axe.
  5270 | D:6      | Found a glowing golden altar of the Shining One.
  5506 | D:6      | 5506 ||| DROPPING scarf of invisibility.
  5532 | D:7      | 5532 ||| PLANNING OSSUARY
  5532 | D:7      | Found Zontee Qamm's Distillery.
  5538 | D:7      | 5538 ||| BUYING potion of attraction (39 gold).
  5538 | D:7      | Bought a potion of attraction for 39 gold pieces
  5538 | D:7      | 5538 ||| BUYING potion of curing (39 gold).
  5538 | D:7      | Bought a potion of curing for 39 gold pieces
  5538 | D:7      | 5538 ||| BUYING potion of curing (39 gold).
  5538 | D:7      | Bought a potion of curing for 39 gold pieces
  5538 | D:7      | 5538 ||| BUYING potion of curing (39 gold).
  5538 | D:7      | Bought a potion of curing for 39 gold pieces
  5538 | D:7      | 5538 ||| BUYING potion of heal wounds (65 gold).
  5538 | D:7      | Bought a potion of heal wounds for 65 gold pieces
  5538 | D:7      | 5538 ||| SHOPLISTING potion of mutation (104 gold, have
                  | 62).
  5559 | D:7      | Reached skill level 7 in Fighting
  5851 | D:7      | 5851 ||| INVOKING Heroism.
  5878 | D:7      | 5878 ||| INVOKING Heroism.
  5913 | D:7      | 5913 ||| Stepping ~*~*~tactically~*~*~ (hiding).
  5917 | D:7      | 5917 ||| INVOKING Heroism.
  5924 | D:7      | 5924 ||| Stepping ~*~*~tactically~*~*~ (cloud).
  5926 | D:7      | 5926 ||| Stepping ~*~*~tactically~*~*~ (cloud).
  5927 | D:7      | 5927 ||| Stepping ~*~*~tactically~*~*~ (cloud).
  6036 | D:7      | 6036 ||| Stepping ~*~*~tactically~*~*~ (hiding).
  6050 | D:7      | 6050 ||| Stepping ~*~*~tactically~*~*~ (hiding).
  6080 | D:7      | 6080 ||| DROPPING +0 morningstar.
  6091 | D:7      | Found a sand-covered staircase.
  6096 | D:7      | 6096 ||| READING scroll labelled WUXIWK FIDO.
  6097 | D:7      | 6097 ||| READING 3 scrolls of identify.
  6097 | D:7      | 6097 ||| IDENTIFYING sapphire potion
  6098 | D:7      | 6098 ||| DROPPING potion of invisibility.
  6102 | Ossuary  | Entered an ossuary
  6152 | Ossuary  | Reached XP level 10. HP: 63/63 MP: 13/13
  6320 | Ossuary  | 6320 ||| READING scroll labelled AVVA MODGHAB.
  6321 | Ossuary  | 6321 ||| READING scroll labelled ENELEU ASHE.
  6322 | Ossuary  | 6322 ||| READING 4 scrolls of identify.
  6322 | Ossuary  | 6322 ||| IDENTIFYING inky potion
  6323 | Ossuary  | 6323 ||| READING 3 scrolls of identify.
  6323 | Ossuary  | 6323 ||| IDENTIFYING fizzy purple potion
  6345 | D:7      | 6345 ||| PLANNING D:1-11
  6402 | D:8      | Found a white marble altar of Elyvilon.
  6429 | D:8      | Reached skill level 8 in Fighting
  6431 | D:8      | 6431 ||| Stepping ~*~*~tactically~*~*~ (stealth).
  6433 | D:8      | 6433 ||| Stepping ~*~*~tactically~*~*~ (stealth).
  6435 | D:8      | 6435 ||| Stepping ~*~*~tactically~*~*~ (stealth).
  6439 | D:8      | 6439 ||| Stepping ~*~*~tactically~*~*~ (hiding).
  6454 | D:8      | 6454 ||| INVOKING Heroism.
  6490 | D:8      | 6490 ||| Stepping ~*~*~tactically~*~*~ (hiding).
  6601 | D:8      | Noticed Prince Ribbit
  6603 | D:8      | Noticed Joseph
  6604 | D:8      | Noticed Maurice
  6608 | D:8      | 6608 ||| INVOKING Heroism.
  6612 | D:8      | 6612 ||| DRINKING 6 potions of curing.
  6612 | D:8      | 6612 ||| (to cure confusion)
  6616 | D:8      | 6616 ||| DRINKING 5 potions of curing.
  6616 | D:8      | 6616 ||| (to cure confusion)
  6623 | D:8      | Killed Joseph
  6624 | D:8      | 6624 ||| Stepping ~*~*~tactically~*~*~ (hiding).
  6631 | D:8      | 6631 ||| INVOKING Heroism.
  6633 | D:8      | Killed Prince Ribbit
  6638 | D:8      | Killed Maurice
  6777 | D:8      | 6777 ||| DROPPING +2 morningstar.
  6791 | D:8      | Noticed a two-headed ogre
  6792 | D:8      | 6792 ||| INVOKING Heroism.
  6803 | D:8      | Killed a two-headed ogre
  6808 | D:8      | Reached *** piety under Okawaru
  6855 | D:8      | Identified the +6 mace of the Vulture {heavy, rPois rCorr
                  | Int-5}
  6861 | D:8      | Found Siewec Tenov's Armour Emporium.
  6866 | D:8      | 6866 ||| BUYING +0 helmet (58 gold).
  6866 | D:8      | Bought a +0 helmet for 58 gold pieces
  6866 | D:8      | 6866 ||| BUYING +2 pair of boots (214 gold).
  6866 | D:8      | Bought a +2 pair of boots for 214 gold pieces
  6946 | D:8      | Noticed Maggie
  6947 | D:8      | 6947 ||| Stepping ~*~*~tactically~*~*~ (hiding).
  6948 | D:8      | 6948 ||| Stepping ~*~*~tactically~*~*~ (hiding).
  6965 | D:8      | 6965 ||| INVOKING Heroism.
  6967 | D:8      | Killed Maggie
  7067 | D:8      | 7067 ||| Stepping ~*~*~tactically~*~*~ (hiding).
  7068 | D:8      | 7068 ||| Stepping ~*~*~tactically~*~*~ (hiding).
  7070 | D:8      | 7070 ||| Stepping ~*~*~tactically~*~*~ (hiding).
  7092 | D:8      | 7092 ||| Stepping ~*~*~tactically~*~*~ (stealth).
  7095 | D:8      | 7095 ||| Stepping ~*~*~tactically~*~*~ (stealth).
  7096 | D:8      | 7096 ||| Stepping ~*~*~tactically~*~*~ (stealth).
  7097 | D:8      | 7097 ||| Stepping ~*~*~tactically~*~*~ (stealth).
  7098 | D:8      | 7098 ||| Stepping ~*~*~tactically~*~*~ (stealth).
  7104 | D:8      | Reached skill level 9 in Fighting
  7264 | D:8      | 7264 ||| UPGRADING to +0 pair of gloves.
  7269 | D:8      | 7269 ||| UPGRADING to +0 cloak.
  7274 | D:8      | 7274 ||| UPGRADING to +0 helmet.
  7279 | D:8      | 7279 ||| UPGRADING to +2 pair of boots.
  7289 | D:8      | 7289 ||| DROPPING +0 pair of boots.
  7290 | D:8      | 7290 ||| DROPPING amulet of regeneration.
  7291 | D:8      | 7291 ||| UPGRADING to +6 ring of dexterity.
  7292 | D:8      | 7292 ||| READING scroll labelled CUNEVU BOSU.
  7293 | D:8      | 7293 ||| READING 2 scrolls of identify.
  7293 | D:8      | 7293 ||| IDENTIFYING smoky dark potion
  7327 | D:9      | 7327 ||| INVOKING Heroism.
  7352 | D:9      | Reached skill level 6 in Armour
  7518 | D:9      | Reached XP level 11. HP: 68/71 MP: 14/14
  7572 | D:9      | 7572 ||| Stepping ~*~*~tactically~*~*~ (stealth).
  7573 | D:9      | 7573 ||| Stepping ~*~*~tactically~*~*~ (stealth).
  7575 | D:9      | 7575 ||| Stepping ~*~*~tactically~*~*~ (stealth).
  7577 | D:9      | 7577 ||| Stepping ~*~*~tactically~*~*~ (stealth).
  7579 | D:9      | 7579 ||| Stepping ~*~*~tactically~*~*~ (hiding).
  7686 | D:9      | 7686 ||| Stepping ~*~*~tactically~*~*~ (stealth).
  7705 | D:9      | 7705 ||| Stepping ~*~*~tactically~*~*~ (stealth).
  7729 | D:9      | 7729 ||| Stepping ~*~*~tactically~*~*~ (stealth).
  7791 | D:9      | 7791 ||| Stepping ~*~*~tactically~*~*~ (stealth).
  7800 | D:9      | Reached **** piety under Okawaru
  7820 | D:9      | Reached skill level 3 in Dodging
  8210 | D:9      | 8210 ||| Stepping ~*~*~tactically~*~*~ (stealth).
  8451 | D:9      | 8451 ||| READING 2 scrolls of identify.
  8451 | D:9      | 8451 ||| IDENTIFYING pink potion
  8452 | D:9      | 8452 ||| DROPPING potion of ambrosia.
  8492 | D:10     | Entered Level 10 of the Dungeon
  8493 | D:10     | 8493 ||| INVOKING Heroism.
  8584 | D:10     | Noticed a two-headed ogre
  8585 | D:10     | 8585 ||| INVOKING Heroism.
  8590 | D:10     | Killed a two-headed ogre
  8591 | D:10     | Reached skill level 6 in Invocations
  8643 | D:10     | Found a transporter.
  8648 | D:10     | Noticed an orc sorcerer
  8653 | D:10     | Noticed a deep elf knight
  8653 | D:10     | Noticed an orc high priest
  8657 | D:10     | Found a transporter.
  8969 | D:10     | Noticed a two-headed ogre
  8970 | D:10     | 8970 ||| INVOKING Heroism.
  8982 | D:10     | Killed a two-headed ogre
  8983 | D:10     | Reached skill level 12 in Axes
  9154 | D:10     | 9154 ||| READING scroll labelled OMUBYT XUK COT.
  9154 | D:10     | Identified a scroll of acquirement
  9154 | D:10     | 9154 ||| ACQUIRING +2 broad axe of electrocution
  9154 | D:10     | Acquired a +2 broad axe of electrocution
  9156 | D:10     | 9156 ||| SWAPPING to +2 broad axe of electrocution.
  9157 | D:10     | 9157 ||| DROPPING +2 war axe.
  9158 | D:10     | 9158 ||| READING scroll labelled GUESIRPH LEDA.
  9259 | D:10     | 9259 ||| DRINKING 2 fizzy brown potions.
  9712 | D:11     | Noticed a boulder beetle
  9713 | D:11     | 9713 ||| INVOKING Heroism.
  9728 | D:11     | 9728 ||| INVOKING Heroism.
  9731 | D:11     | Killed a boulder beetle
  9801 | D:11     | Noticed a cyclops
  9802 | D:11     | 9802 ||| Stepping ~*~*~tactically~*~*~ (hiding).
  9808 | D:11     | 9808 ||| INVOKING Heroism.
  9810 | D:11     | Killed a cyclops
  9828 | D:11     | 9828 ||| Stepping ~*~*~tactically~*~*~ (stealth).
  9848 | D:11     | Found a staircase to the Lair.
  9859 | D:11     | 9859 ||| Stepping ~*~*~tactically~*~*~ (stealth).
  9860 | D:11     | 9860 ||| Stepping ~*~*~tactically~*~*~ (stealth).
  9905 | D:11     | Noticed a manticore
  9906 | D:11     | 9906 ||| Stepping ~*~*~tactically~*~*~ (hiding).
  9907 | D:11     | 9907 ||| Stepping ~*~*~tactically~*~*~ (hiding).
  9910 | D:11     | 9910 ||| INVOKING Heroism.
  9916 | D:11     | Killed a manticore
  9958 | D:11     | Noticed a death knight
  9959 | D:11     | 9959 ||| Stepping ~*~*~tactically~*~*~ (hiding).
  9965 | D:11     | Noticed a two-headed ogre
  9966 | D:11     | 9966 ||| INVOKING Heroism.
  9971 | D:11     | Killed a death knight
  9973 | D:11     | Killed a two-headed ogre
  9973 | D:11     | Reached ***** piety under Okawaru
  9974 | D:11     | Reached skill level 6 in Shields
  9974 | D:11     | Reached XP level 12. HP: 43/76 MP: 15/18
 10139 | D:11     | 10139 ||| INVOKING Heroism.
 10209 | D:11     | Found a staircase to the Orcish Mines.
 10271 | D:11     | 10271 ||| INVOKING Heroism.
 10493 | D:11     | Noticed a boulder beetle
 10494 | D:11     | 10494 ||| INVOKING Heroism.
 10495 | D:11     | 10495 ||| INVOKING Finesse.
 10503 | D:11     | Killed a boulder beetle
 10504 | D:11     | Reached skill level 9 in Invocations
 10569 | D:11     | Reached skill level 10 in Fighting
 10655 | D:11     | 10655 ||| PLANNING LAIR
 10655 | D:11     | 10655 ||| UPGRADING to +4 ring of protection.
 10701 | Lair:1   | Entered Level 1 of the Lair of Beasts
 10707 | Lair:1   | 10707 ||| Stepping ~*~*~tactically~*~*~ (stealth).
 10720 | Lair:1   | Received a gift from Okawaru
 10763 | Lair:1   | Noticed a catoblepas
 10764 | Lair:1   | 10764 ||| Stepping ~*~*~tactically~*~*~ (hiding).
 10769 | Lair:1   | 10769 ||| INVOKING Heroism.
 10781 | Lair:1   | Killed a catoblepas
 10790 | Lair:1   | 10790 ||| Stepping ~*~*~tactically~*~*~ (stealth).
 10794 | Lair:1   | 10794 ||| Stepping ~*~*~tactically~*~*~ (stealth).
 10815 | Lair:1   | 10815 ||| READING scroll of enchant weapon.
 10815 | Lair:1   | 10815 ||| ENCHANTING +2 broad axe of electrocution.
 10910 | Lair:1   | 10910 ||| INVOKING Heroism.
 10964 | Lair:1   | Noticed a death yak
 10965 | Lair:1   | 10965 ||| INVOKING Heroism.
 10965 | Lair:1   | Noticed a death yak
 10968 | Lair:1   | Noticed a death yak
 10970 | Lair:1   | Noticed a death yak
 10983 | Lair:1   | Killed a death yak
 10985 | Lair:1   | Killed a death yak
 10988 | Lair:1   | Killed a death yak
 10998 | Lair:1   | Killed a death yak
 11197 | Lair:1   | Noticed Sonja
 11198 | Lair:1   | 11198 ||| INVOKING Finesse.
 11203 | Lair:1   | 11203 ||| INVOKING Heroism.
 11205 | Lair:1   | Killed Sonja
 11353 | Lair:1   | 11353 ||| FLEEEEING.
 11354 | Lair:1   | 11354 ||| INVOKING Heroism.
 11524 | Lair:1   | Reached skill level 9 in Armour
 11644 | Lair:1   | 11644 ||| READING scroll labelled ZEASIL WUUMEMP.
 11645 | Lair:1   | 11645 ||| DROPPING +2 morningstar of draining.
 11646 | Lair:1   | 11646 ||| DROPPING +6 mace of the Vulture {heavy, rPois
                  | rCorr Int-5}.
 11670 | Lair:2   | 11670 ||| PLANNING GAUNTLET
 11670 | Lair:2   | 11670 ||| INVOKING Heroism.
 11671 | Lair:2   | 11671 ||| Stepping ~*~*~tactically~*~*~ (stealth).
 11811 | Lair:2   | Reached XP level 13. HP: 82/82 MP: 20/20
 11812 | Lair:2   | 11812 ||| INVOKING Heroism.
 11814 | Lair:2   | 11814 ||| Stepping ~*~*~tactically~*~*~ (stealth).
 11815 | Lair:2   | 11815 ||| Stepping ~*~*~tactically~*~*~ (stealth).
 11818 | Lair:2   | 11818 ||| Stepping ~*~*~tactically~*~*~ (stealth).
 11858 | Lair:2   | 11858 ||| INVOKING Heroism.
 11905 | Lair:2   | 11905 ||| INVOKING Heroism.
 11906 | Lair:2   | 11906 ||| INVOKING Finesse.
 11995 | Lair:2   | 11995 ||| INVOKING Heroism.
 12118 | Lair:2   | 12118 ||| INVOKING Heroism.
 12122 | Lair:2   | 12122 ||| Stepping ~*~*~tactically~*~*~ (stealth).
 12135 | Lair:2   | 12135 ||| Stepping ~*~*~tactically~*~*~ (stealth).
 12153 | Lair:2   | 12153 ||| Stepping ~*~*~tactically~*~*~ (stealth).
 12191 | Lair:2   | 12191 ||| INVOKING Heroism.
 12255 | Lair:2   | 12255 ||| RIP GAUNTLET
 12285 | Lair:2   | 12285 ||| PLANNING LAIR
 12285 | Lair:2   | 12285 ||| INVOKING Heroism.
 12367 | Lair:2   | 12367 ||| INVOKING Heroism.
 12369 | Lair:2   | 12369 ||| Stepping ~*~*~tactically~*~*~ (stealth).
 12422 | Lair:2   | 12422 ||| INVOKING Heroism.
 12594 | Lair:2   | 12594 ||| Stepping ~*~*~tactically~*~*~ (stealth).
 12611 | Lair:2   | Reached skill level 11 in Fighting
 12809 | Lair:2   | 12809 ||| Stepping ~*~*~tactically~*~*~ (stealth).
 12812 | Lair:2   | 12812 ||| Stepping ~*~*~tactically~*~*~ (stealth).
 13119 | Lair:2   | Found a staircase to the Snake Pit.
 13120 | Lair:2   | 13120 ||| Stepping ~*~*~tactically~*~*~ (hiding).
 13127 | Lair:2   | 13127 ||| INVOKING Heroism.
 13131 | Lair:2   | 13131 ||| FLEEEEING.
 13266 | Lair:2   | 13266 ||| FLEEEEING.
 13267 | Lair:2   | 13267 ||| FLEEEEING.
 13270 | Lair:2   | 13270 ||| INVOKING Heroism.
 13308 | Lair:2   | 13308 ||| FLEEEEING.
 13309 | Lair:2   | 13309 ||| FLEEEEING.
 13310 | Lair:2   | 13310 ||| FLEEEEING.
 13368 | Lair:2   | 13368 ||| Stepping ~*~*~tactically~*~*~ (stealth).
 13611 | Lair:2   | 13611 ||| DROPPING scarf of harm.
 13612 | Lair:2   | 13612 ||| DROPPING +6 ring of dexterity.
 13642 | Lair:3   | 13642 ||| INVOKING Heroism.
 13649 | Lair:3   | HP: 16/84 [elephant (12)]
 13650 | Lair:3   | 13650 ||| READING 5 scrolls of teleportation.
 13651 | Lair:3   | 13651 ||| DRINKING 9 potions of heal wounds.
 13662 | Lair:3   | 13662 ||| Stepping ~*~*~tactically~*~*~ (stealth).
 13749 | Lair:3   | 13749 ||| FLEEEEING.
 13750 | Lair:3   | 13750 ||| FLEEEEING.
 13754 | Lair:3   | 13754 ||| STAIRDANCE
 13784 | Lair:3   | 13784 ||| Stepping ~*~*~tactically~*~*~ (stealth).
 13785 | Lair:3   | 13785 ||| INVOKING Heroism.
 13794 | Lair:3   | 13794 ||| Stepping ~*~*~tactically~*~*~ (stealth).
 13801 | Lair:3   | 13801 ||| Stepping ~*~*~tactically~*~*~ (stealth).
 13805 | Lair:3   | 13805 ||| Stepping ~*~*~tactically~*~*~ (stealth).
 13810 | Lair:3   | Reached skill level 15 in Axes
 13837 | Lair:3   | 13837 ||| INVOKING Heroism.
 13873 | Lair:3   | Identified the +1 leather armour of Xytuaref {Will+}
 13892 | Lair:3   | 13892 ||| INVOKING Heroism.
 14004 | Lair:3   | 14004 ||| INVOKING Heroism.
 14083 | Lair:3   | 14083 ||| INVOKING Heroism.
 14126 | Lair:3   | Found a staircase to the Shoals.
 14243 | Lair:3   | 14243 ||| INVOKING Heroism.
 14602 | Lair:3   | 14602 ||| UPGRADING to scarf of repulsion.
 14612 | Lair:3   | 14612 ||| DROPPING +6 ring of strength.
 14613 | Lair:3   | 14613 ||| UPGRADING to +5 ring of evasion.
 14615 | Lair:3   | 14615 ||| DROPPING ring of see invisible.
 14648 | Lair:4   | 14648 ||| INVOKING Heroism.
 14783 | Lair:4   | Found a viscous altar of Jiyva.
 14785 | Lair:4   | Found a staircase to the Slime Pits.
 14787 | Lair:4   | 14787 ||| INVOKING Heroism.
 14799 | Lair:4   | Gained mutation: Your large and strong wings let you fly.
                  | [Gargoyle growth]
 14799 | Lair:4   | Reached XP level 14. HP: 91/91 MP: 19/21
 14828 | Lair:4   | 14828 ||| INVOKING Heroism.
 14904 | Lair:4   | 14904 ||| Stepping ~*~*~tactically~*~*~ (stealth).
 14907 | Lair:4   | 14907 ||| Stepping ~*~*~tactically~*~*~ (stealth).
 14910 | Lair:4   | 14910 ||| Stepping ~*~*~tactically~*~*~ (stealth).
 14911 | Lair:4   | 14911 ||| Stepping ~*~*~tactically~*~*~ (stealth).
 14920 | Lair:4   | 14920 ||| Stepping ~*~*~tactically~*~*~ (stealth).
 14921 | Lair:4   | 14921 ||| Stepping ~*~*~tactically~*~*~ (stealth).
 14929 | Lair:4   | Reached skill level 12 in Fighting
 14959 | Lair:4   | 14959 ||| READING scroll of enchant armour.
 14959 | Lair:4   | 14959 ||| ENCHANTING +0 pair of gloves.
 15179 | Lair:4   | 15179 ||| INVOKING Heroism.
 15818 | Lair:5   | Entered Level 5 of the Lair of Beasts
 15819 | Lair:5   | 15819 ||| INVOKING Heroism.
 15905 | Lair:5   | 15905 ||| READING 3 scrolls of enchant armour.
 15905 | Lair:5   | 15905 ||| ENCHANTING +1 pair of gloves.
 15906 | Lair:5   | 15906 ||| READING 2 scrolls of enchant armour.
 15906 | Lair:5   | 15906 ||| ENCHANTING +0 helmet.
 15907 | Lair:5   | 15907 ||| READING scroll of enchant armour.
 15907 | Lair:5   | 15907 ||| ENCHANTING +1 helmet.
 15937 | Lair:5   | Noticed Nessos
 15938 | Lair:5   | 15938 ||| INVOKING Finesse.
 15943 | Lair:5   | 15943 ||| INVOKING Heroism.
 15964 | Lair:5   | Killed Nessos
 15970 | Lair:5   | Noticed Rupert
 15996 | Lair:5   | Killed Rupert
 16072 | Lair:5   | 16072 ||| READING scroll of brand weapon.
 16072 | Lair:5   | 16072 ||| BRANDING +3 broad axe of flaming.
 16116 | Lair:5   | Identified the +1 cloak of Diogh {Str+3 SInv}
 16140 | Lair:5   | 16140 ||| INVOKING Heroism.
 16141 | Lair:5   | 16141 ||| INVOKING Finesse.
 16174 | Lair:5   | Received a gift from Okawaru
 16180 | Lair:5   | 16180 ||| INVOKING Finesse.
 16309 | Lair:5   | 16309 ||| Stepping ~*~*~tactically~*~*~ (hiding).
 16330 | Lair:5   | 16330 ||| Stepping ~*~*~tactically~*~*~ (hiding).
 16370 | Lair:5   | 16370 ||| FLEEEEING.
 16372 | Lair:5   | 16372 ||| FLEEEEING.
 16374 | Lair:5   | 16374 ||| FLEEEEING.
 16375 | Lair:5   | 16375 ||| FLEEEEING.
 16376 | Lair:5   | 16376 ||| FLEEEEING.
 16377 | Lair:5   | 16377 ||| FLEEEEING.
 16378 | Lair:5   | 16378 ||| FLEEEEING.
 16379 | Lair:5   | 16379 ||| FLEEEEING.
 16380 | Lair:5   | 16380 ||| FLEEEEING.
 16381 | Lair:5   | 16381 ||| FLEEEEING.
 16382 | Lair:5   | 16382 ||| FLEEEEING.
 16383 | Lair:5   | 16383 ||| FLEEEEING.
 16384 | Lair:5   | 16384 ||| FLEEEEING.
 16385 | Lair:5   | 16385 ||| FLEEEEING.
 16386 | Lair:5   | 16386 ||| FLEEEEING.
 16387 | Lair:5   | 16387 ||| FLEEEEING.
 16388 | Lair:5   | 16388 ||| FLEEEEING.
 16389 | Lair:5   | 16389 ||| FLEEEEING.
 16390 | Lair:5   | 16390 ||| FLEEEEING.
 16391 | Lair:5   | 16391 ||| FLEEEEING.
 16392 | Lair:5   | 16392 ||| FLEEEEING.
 16393 | Lair:5   | 16393 ||| FLEEEEING.
 16394 | Lair:5   | 16394 ||| STAIRDANCE
 16396 | Lair:4   | 16396 ||| UPGRADING to +1 cloak of Diogh {Str+3 SInv}.
 16406 | Lair:4   | 16406 ||| DROPPING +0 cloak.
 16407 | Lair:4   | 16407 ||| DROPPING scarf of repulsion.
 16408 | Lair:4   | 16408 ||| DROPPING orb of wrath.
 16411 | Lair:5   | 16411 ||| STAIRDANCE
 16413 | Lair:4   | 16413 ||| INVOKING Heroism.
 16469 | Lair:5   | 16469 ||| INVOKING Heroism.
 16470 | Lair:5   | 16470 ||| INVOKING Finesse.
 16536 | Lair:5   | 16536 ||| INVOKING Heroism.
 16622 | Lair:5   | Noticed Urug
 16623 | Lair:5   | 16623 ||| INVOKING Heroism.
 16631 | Lair:5   | Killed Urug
 16765 | Lair:5   | Reached skill level 1 in Throwing
 16771 | Lair:5   | 16771 ||| READING scroll of enchant weapon.
 16771 | Lair:5   | 16771 ||| ENCHANTING +3 vampiric broad axe.
 16897 | Lair:5   | Reached XP level 15. HP: 88/96 MP: 22/22
 16963 | Lair:5   | 16963 ||| INVOKING Heroism.
 17011 | Lair:5   | 17011 ||| Stepping ~*~*~tactically~*~*~ (hiding).
 17121 | Lair:5   | 17121 ||| Stepping ~*~*~tactically~*~*~ (stealth).
 17124 | Lair:5   | 17124 ||| Stepping ~*~*~tactically~*~*~ (hiding).
 17187 | Lair:5   | 17187 ||| Stepping ~*~*~tactically~*~*~ (hiding).
 17188 | Lair:5   | 17188 ||| Stepping ~*~*~tactically~*~*~ (hiding).
 17189 | Lair:5   | 17189 ||| Stepping ~*~*~tactically~*~*~ (hiding).
 17199 | Lair:5   | Reached skill level 3 in Throwing
 17207 | Lair:5   | Found a burning altar of Makhleb.
 17208 | Lair:5   | 17208 ||| Stepping ~*~*~tactically~*~*~ (hiding).
 17210 | Lair:5   | 17210 ||| Stepping ~*~*~tactically~*~*~ (stealth).
 17243 | Lair:5   | 17243 ||| INVOKING Heroism.
 17382 | Lair:5   | Found a gateway to Hell.
 17510 | Lair:5   | 17510 ||| PLANNING D
 17510 | Lair:5   | 17510 ||| DROPPING +1 cloak.
 17739 | D:12     | 17739 ||| Stepping ~*~*~tactically~*~*~ (stealth).
 17743 | D:12     | 17743 ||| Stepping ~*~*~tactically~*~*~ (stealth).
 17749 | D:12     | Received a gift from Okawaru
 17855 | D:12     | 17855 ||| Stepping ~*~*~tactically~*~*~ (stealth).
 18051 | D:12     | 18051 ||| Stepping ~*~*~tactically~*~*~ (stealth).
 18053 | D:12     | 18053 ||| Stepping ~*~*~tactically~*~*~ (stealth).
 18064 | D:12     | Noticed Lodul
 18065 | D:12     | 18065 ||| Stepping ~*~*~tactically~*~*~ (stealth).
 18067 | D:12     | 18067 ||| Stepping ~*~*~tactically~*~*~ (hiding).
 18068 | D:12     | 18068 ||| Stepping ~*~*~tactically~*~*~ (hiding).
 18079 | D:12     | 18079 ||| Stepping ~*~*~tactically~*~*~ (stealth).
 18083 | D:12     | 18083 ||| Stepping ~*~*~tactically~*~*~ (hiding).
 18084 | D:12     | 18084 ||| Stepping ~*~*~tactically~*~*~ (hiding).
 18094 | D:12     | Killed Lodul
 18282 | D:12     | 18282 ||| Stepping ~*~*~tactically~*~*~ (hiding).
 18283 | D:12     | 18283 ||| Stepping ~*~*~tactically~*~*~ (hiding).
 18328 | D:12     | Noticed Nergalle
 18329 | D:12     | 18329 ||| Stepping ~*~*~tactically~*~*~ (hiding).
 18330 | D:12     | 18330 ||| Stepping ~*~*~tactically~*~*~ (hiding).
 18331 | D:12     | 18331 ||| Stepping ~*~*~tactically~*~*~ (hiding).
 18337 | D:12     | Killed Nergalle
 18632 | D:12     | 18632 ||| DROPPING +2 pair of boots.
 18685 | D:13     | 18685 ||| INVOKING Heroism.
 18932 | D:13     | Noticed Josephine
 18933 | D:13     | 18933 ||| Stepping ~*~*~tactically~*~*~ (hiding).
 18954 | D:13     | Killed Josephine
 18981 | D:13     | Reached skill level 13 in Fighting
 19051 | D:13     | Identified the +1 robe "Xalamit" {rN+}
 19167 | D:13     | 19167 ||| Stepping ~*~*~tactically~*~*~ (stealth).
 19170 | D:13     | 19170 ||| Stepping ~*~*~tactically~*~*~ (hiding).
 19352 | D:13     | 19352 ||| INVOKING Heroism.
 19519 | D:13     | Identified the +9 longbow of Optimality {flame, *Slow Str+7
                  | SInv} (Okawaru gifted it to you on level 13 of the Dungeon)
 19519 | D:13     | Received a gift from Okawaru
 19523 | D:13     | Reached skill level 6 in Throwing
 19643 | D:13     | 19643 ||| DROPPING ring of positive energy.
 19718 | D:14     | 19718 ||| Stepping ~*~*~tactically~*~*~ (hiding).
 19727 | D:14     | 19727 ||| INVOKING Heroism.
 19943 | D:14     | 19943 ||| Stepping ~*~*~tactically~*~*~ (stealth).
 19947 | D:14     | 19947 ||| Stepping ~*~*~tactically~*~*~ (stealth).
 20124 | D:14     | Found a gate to the Vaults.
 20151 | D:14     | Received a gift from Okawaru
 20176 | D:14     | 20176 ||| INVOKING Heroism.
 20177 | D:14     | 20177 ||| INVOKING Finesse.
 20228 | D:14     | Reached skill level 18 in Axes
 20233 | D:14     | HP: 8/98 [cyclops (21)]
 20234 | D:14     | 20234 ||| READING 9 scrolls of teleportation.
 20235 | D:14     | 20235 ||| DRINKING 10 potions of heal wounds.
 20493 | D:14     | 20493 ||| Stepping ~*~*~tactically~*~*~ (hiding).
 20494 | D:14     | 20494 ||| Stepping ~*~*~tactically~*~*~ (hiding).
 20709 | D:14     | 20709 ||| INVOKING Heroism.
 20823 | D:14     | 20823 ||| DROPPING +2 cloak.
 20832 | D:15     | Entered Level 15 of the Dungeon
 20861 | D:15     | Reached skill level 9 in Shields
 20861 | D:15     | Reached XP level 16. HP: 104/104 MP: 23/23
 20893 | D:15     | 20893 ||| Stepping ~*~*~tactically~*~*~ (hiding).
 21057 | D:15     | 21057 ||| INVOKING Heroism.
 21058 | D:15     | 21058 ||| SWAPPING to +0 flail.
 21059 | D:15     | 21059 ||| INVOKING Finesse.
 21065 | D:15     | 21065 ||| SWAPPING to +4 vampiric broad axe.
 21174 | D:15     | 21174 ||| Stepping ~*~*~tactically~*~*~ (stealth).
 21194 | D:15     | 21194 ||| INVOKING Heroism.
 21281 | D:15     | 21281 ||| Stepping ~*~*~tactically~*~*~ (stealth).
 21445 | D:15     | Found a staircase to the Depths.
 21473 | D:15     | 21473 ||| Stepping ~*~*~tactically~*~*~ (stealth).
 21592 | D:15     | Found a hide-covered altar of Uskayaw.
 21611 | D:15     | 21611 ||| Stepping ~*~*~tactically~*~*~ (hiding).
 21619 | D:15     | Reached skill level 14 in Fighting
 21787 | D:15     | 21787 ||| Stepping ~*~*~tactically~*~*~ (stealth).
 21788 | D:15     | 21788 ||| Stepping ~*~*~tactically~*~*~ (stealth).
 21789 | D:15     | 21789 ||| Stepping ~*~*~tactically~*~*~ (stealth).
 21809 | D:15     | Received a gift from Okawaru
 22028 | D:15     | 22028 ||| PLANNING ORC
 22150 | Orc:1    | Entered Level 1 of the Orcish Mines
 22151 | Orc:1    | 22151 ||| INVOKING Heroism.
 22212 | Orc:1    | 22212 ||| INVOKING Heroism.
 22235 | Orc:1    | 22235 ||| INVOKING Finesse.
 22248 | Orc:1    | 22248 ||| Stepping ~*~*~tactically~*~*~ (hiding).
 22256 | Orc:1    | Reached skill level 12 in Armour
 22284 | Orc:1    | 22284 ||| DROPPING +0 flail.
 22318 | Orc:1    | 22318 ||| INVOKING Heroism.
 22602 | Orc:2    | Entered Level 2 of the Orcish Mines
 22628 | Orc:2    | 22628 ||| Stepping ~*~*~tactically~*~*~ (hiding).
 22629 | Orc:2    | 22629 ||| Stepping ~*~*~tactically~*~*~ (hiding).
 22631 | Orc:2    | 22631 ||| Stepping ~*~*~tactically~*~*~ (hiding).
 22655 | Orc:2    | 22655 ||| INVOKING Heroism.
 22692 | Orc:2    | 22692 ||| Stepping ~*~*~tactically~*~*~ (stealth).
 22713 | Orc:2    | 22713 ||| Stepping ~*~*~tactically~*~*~ (hiding).
 22714 | Orc:2    | 22714 ||| Stepping ~*~*~tactically~*~*~ (hiding).
 22778 | Orc:2    | 22778 ||| INVOKING Heroism.
 22781 | Orc:2    | 22781 ||| Stepping ~*~*~tactically~*~*~ (hiding).
 22819 | Orc:2    | Found Imetup's Weapon Emporium.
 22903 | Orc:2    | 22903 ||| Stepping ~*~*~tactically~*~*~ (stealth).
 22914 | Orc:2    | Found a staircase to the Elven Halls.
 22986 | Orc:2    | Found Pikh's Weapon Emporium.
 22987 | Orc:2    | 22987 ||| INVOKING Heroism.
 23012 | Orc:2    | Received a gift from Okawaru
 23024 | Orc:2    | Found Betrerphu's Antique Weapon Boutique.
 23025 | Orc:2    | 23025 ||| INVOKING Heroism.
 23064 | Orc:2    | 23064 ||| BUYING runed broad axe (203 gold).
 23064 | Orc:2    | Bought a runed broad axe for 203 gold pieces
 23064 | Orc:2    | 23064 ||| DROPPING +1 broad axe of freezing.
 23438 | Orc:2    | 23438 ||| Stepping ~*~*~tactically~*~*~ (hiding).
 23443 | Orc:2    | Found Ywaili Utu's Weapon Boutique.
 23444 | Orc:2    | 23444 ||| INVOKING Heroism.
 23537 | Orc:2    | 23537 ||| PLANNING SNAKE:1-3
 23638 | Snake:1  | Entered Level 1 of the Snake Pit
 23702 | Snake:1  | Received a gift from Okawaru
 23793 | Snake:1  | Reached skill level 15 in Fighting
 23806 | Snake:1  | 23806 ||| READING scroll of enchant weapon.
 23806 | Snake:1  | 23806 ||| ENCHANTING +4 vampiric broad axe.
 23909 | Snake:1  | Found Suidu's Assorted Antiques.
 23923 | Snake:1  | 23923 ||| BUYING potion of curing (93 gold).
 23923 | Snake:1  | Bought a potion of curing for 93 gold pieces
 23923 | Snake:1  | 23923 ||| BUYING potion of lignification (93 gold).
 23923 | Snake:1  | Bought a potion of lignification for 93 gold pieces
 23923 | Snake:1  | Found Dyseas's Weapon Shoppe.
 23998 | Snake:1  | 23998 ||| BUYING +2 hand axe of flaming (226 gold).
 23998 | Snake:1  | Bought a +2 hand axe of flaming for 226 gold pieces
 23998 | Snake:1  | 23998 ||| DROPPING +0 morningstar.
 24007 | Snake:1  | 24007 ||| Stepping ~*~*~tactically~*~*~ (hiding).
 24132 | Snake:1  | 24132 ||| Stepping ~*~*~tactically~*~*~ (hiding).
 24347 | Snake:1  | 24347 ||| Stepping ~*~*~tactically~*~*~ (hiding).
 24491 | Snake:1  | Reached XP level 17. HP: 102/113 MP: 24/24
 24844 | Snake:1  | 24844 ||| UPGRADING to +0 kite shield.
 24854 | Snake:1  | 24854 ||| DROPPING +0 buckler.
 24898 | Snake:2  | Identified the +5 battleaxe of Guilt {pain, +Blink rPois
                  | Str-3 SInv} (Okawaru gifted it to you on level 2 of the
                  | Snake Pit)
 24898 | Snake:2  | Received a gift from Okawaru
 25114 | Snake:2  | Identified the +1 robe of Jemmez {Will++}
 25141 | Snake:2  | 25141 ||| INVOKING Heroism.
 25152 | Snake:2  | 25152 ||| Stepping ~*~*~tactically~*~*~ (hiding).
 25237 | Snake:2  | 25237 ||| Stepping ~*~*~tactically~*~*~ (hiding).
 25276 | Snake:2  | 25276 ||| Stepping ~*~*~tactically~*~*~ (stealth).
 25311 | Snake:2  | Identified the +0 chain mail of Purpose {rElec rPois rCorr}
 25494 | Snake:2  | 25494 ||| Stepping ~*~*~tactically~*~*~ (hiding).
 25497 | Snake:2  | 25497 ||| Stepping ~*~*~tactically~*~*~ (hiding).
 25499 | Snake:2  | 25499 ||| Stepping ~*~*~tactically~*~*~ (hiding).
 25500 | Snake:2  | 25500 ||| Stepping ~*~*~tactically~*~*~ (hiding).
 25707 | Snake:2  | Reached skill level 12 in Shields
 25896 | Snake:2  | Received a gift from Okawaru
 26040 | Snake:2  | 26040 ||| DROPPING +0 acid dragon scales.
 26041 | Snake:2  | 26041 ||| DROPPING amulet of magic regeneration.
 26265 | Snake:3  | Received a gift from Okawaru
 26384 | Snake:3  | 26384 ||| Stepping ~*~*~tactically~*~*~ (hiding).
 26533 | Snake:3  | 26533 ||| Stepping ~*~*~tactically~*~*~ (stealth).
 26568 | Snake:3  | 26568 ||| INVOKING Heroism.
 26615 | Snake:3  | 26615 ||| INVOKING Heroism.
 26627 | Snake:3  | Received a gift from Okawaru
 26712 | Snake:3  | Noticed Donald
 26713 | Snake:3  | 26713 ||| INVOKING Heroism.
 26714 | Snake:3  | 26714 ||| INVOKING Finesse.
 26722 | Snake:3  | Killed Donald
 27264 | Snake:3  | 27264 ||| PLANNING SHOALS:1-3
 27264 | Snake:3  | 27264 ||| UPGRADING to +1 kite shield of reflection.
 27274 | Snake:3  | 27274 ||| DROPPING +0 kite shield.
 27452 | Shoals:1 | Entered Level 1 of the Shoals
 27525 | Shoals:1 | Reached skill level 15 in Shields
 27542 | Shoals:1 | Received a gift from Okawaru
 27651 | Shoals:1 | 27651 ||| INVOKING Heroism.
 27794 | Shoals:1 | 27794 ||| INVOKING Heroism.
 27796 | Shoals:1 | 27796 ||| INVOKING Finesse.
 27812 | Shoals:1 | Reached XP level 18. HP: 118/120 MP: 18/25
 27852 | Shoals:1 | 27852 ||| DROPPING +2 hand axe of flaming.
 27882 | Shoals:1 | 27882 ||| INVOKING Heroism.
 27893 | Shoals:1 | Reached skill level 16 in Fighting
 27905 | Shoals:1 | 27905 ||| Stepping ~*~*~tactically~*~*~ (hiding).
 28092 | Shoals:1 | 28092 ||| Stepping ~*~*~tactically~*~*~ (hiding).
 28093 | Shoals:1 | 28093 ||| Stepping ~*~*~tactically~*~*~ (hiding).
 28094 | Shoals:1 | 28094 ||| Stepping ~*~*~tactically~*~*~ (hiding).
 28095 | Shoals:1 | 28095 ||| Stepping ~*~*~tactically~*~*~ (hiding).
 28102 | Shoals:1 | 28102 ||| INVOKING Heroism.
 28103 | Shoals:1 | 28103 ||| INVOKING Finesse.
 28473 | Shoals:2 | 28473 ||| INVOKING Heroism.
 28474 | Shoals:2 | 28474 ||| INVOKING Finesse.
 28516 | Shoals:2 | Found Xumpubb's Firing Range.
 28594 | Shoals:2 | 28594 ||| INVOKING Heroism.
 28670 | Shoals:2 | 28670 ||| INVOKING Heroism.
 28942 | Shoals:2 | Received a gift from Okawaru
 28979 | Shoals:2 | 28979 ||| Stepping ~*~*~tactically~*~*~ (hiding).
 28981 | Shoals:2 | 28981 ||| INVOKING Heroism.
 29198 | Shoals:2 | 29198 ||| Stepping ~*~*~tactically~*~*~ (hiding).
 29333 | Shoals:2 | 29333 ||| DROPPING scarf of invisibility.
 29428 | Shoals:3 | 29428 ||| INVOKING Heroism.
 29487 | Shoals:3 | Received a gift from Okawaru
 29488 | Shoals:3 | Reached skill level 9 in Throwing
 29518 | Shoals:3 | 29518 ||| Stepping ~*~*~tactically~*~*~ (hiding).
 29524 | Shoals:3 | 29524 ||| INVOKING Heroism.
 29557 | Shoals:3 | 29557 ||| INVOKING Finesse.
 29605 | Shoals:3 | 29605 ||| INVOKING Heroism.
 29805 | Shoals:3 | 29805 ||| INVOKING Heroism.
 29843 | Shoals:3 | 29843 ||| READING 3 scrolls of enchant weapon.
 29843 | Shoals:3 | 29843 ||| ENCHANTING +5 vampiric broad axe.
 29844 | Shoals:3 | 29844 ||| READING 2 scrolls of enchant weapon.
 29844 | Shoals:3 | 29844 ||| ENCHANTING +6 vampiric broad axe.
 29845 | Shoals:3 | 29845 ||| READING scroll of enchant weapon.
 29845 | Shoals:3 | 29845 ||| ENCHANTING +7 vampiric broad axe.
 29886 | Shoals:3 | 29886 ||| INVOKING Heroism.
 30212 | Shoals:3 | 30212 ||| PLANNING SNAKE:4
 30378 | Snake:4  | Entered Level 4 of the Snake Pit
 30379 | Snake:4  | 30379 ||| INVOKING Heroism.
 30395 | Snake:4  | 30395 ||| Stepping ~*~*~tactically~*~*~ (hiding).
 30396 | Snake:4  | 30396 ||| Stepping ~*~*~tactically~*~*~ (hiding).
 30430 | Snake:4  | Received a gift from Okawaru
 30488 | Snake:4  | 30488 ||| Stepping ~*~*~tactically~*~*~ (stealth).
 30490 | Snake:4  | 30490 ||| Stepping ~*~*~tactically~*~*~ (hiding).
 30493 | Snake:4  | 30493 ||| Stepping ~*~*~tactically~*~*~ (hiding).
 30494 | Snake:4  | 30494 ||| Stepping ~*~*~tactically~*~*~ (hiding).
 30495 | Snake:4  | 30495 ||| Stepping ~*~*~tactically~*~*~ (hiding).
 30498 | Snake:4  | 30498 ||| INVOKING Heroism.
 30554 | Snake:4  | 30554 ||| Stepping ~*~*~tactically~*~*~ (hiding).
 30565 | Snake:4  | Received a gift from Okawaru
 30621 | Snake:4  | Identified the +4 spear of the Depths {freeze, SInv}
 30642 | Snake:4  | Reached skill level 17 in Fighting
 30647 | Snake:4  | 30647 ||| INVOKING Heroism.
 30769 | Snake:4  | 30769 ||| Stepping ~*~*~tactically~*~*~ (hiding).
 30779 | Snake:4  | Received a gift from Okawaru
 30797 | Snake:4  | 30797 ||| Stepping ~*~*~tactically~*~*~ (hiding).
 30802 | Snake:4  | 30802 ||| Stepping ~*~*~tactically~*~*~ (hiding).
 30803 | Snake:4  | 30803 ||| INVOKING Heroism.
 30839 | Snake:4  | 30839 ||| Stepping ~*~*~tactically~*~*~ (hiding).
 30843 | Snake:4  | 30843 ||| INVOKING Heroism.
 30887 | Snake:4  | 30887 ||| INVOKING Heroism.
 30900 | Snake:4  | Reached XP level 19. HP: 99/128 MP: 26/26
 30941 | Snake:4  | Got a serpentine rune of Zot
 30954 | Snake:4  | 30954 ||| Stepping ~*~*~tactically~*~*~ (hiding).
 30956 | Snake:4  | 30956 ||| INVOKING Heroism.
 30966 | Snake:4  | Received a gift from Okawaru
 30969 | Snake:4  | 30969 ||| Stepping ~*~*~tactically~*~*~ (hiding).
 30970 | Snake:4  | 30970 ||| Stepping ~*~*~tactically~*~*~ (hiding).
 31000 | Snake:4  | 31000 ||| Stepping ~*~*~tactically~*~*~ (hiding).
 31037 | Snake:4  | 31037 ||| Stepping ~*~*~tactically~*~*~ (hiding).
 31038 | Snake:4  | 31038 ||| Stepping ~*~*~tactically~*~*~ (hiding).
 31348 | Snake:4  | 31348 ||| Stepping ~*~*~tactically~*~*~ (stealth).
 31350 | Snake:4  | 31350 ||| Stepping ~*~*~tactically~*~*~ (hiding).
 31352 | Snake:4  | 31352 ||| Stepping ~*~*~tactically~*~*~ (hiding).
 31353 | Snake:4  | 31353 ||| Stepping ~*~*~tactically~*~*~ (hiding).
 31360 | Snake:4  | 31360 ||| INVOKING Heroism.
 31469 | Snake:4  | 31469 ||| Stepping ~*~*~tactically~*~*~ (hiding).
 31472 | Snake:4  | 31472 ||| Stepping ~*~*~tactically~*~*~ (hiding).
 31482 | Snake:4  | 31482 ||| Stepping ~*~*~tactically~*~*~ (hiding).
 31485 | Snake:4  | 31485 ||| Stepping ~*~*~tactically~*~*~ (hiding).
 31486 | Snake:4  | 31486 ||| Stepping ~*~*~tactically~*~*~ (hiding).
 31572 | Snake:4  | 31572 ||| PLANNING VAULTS:1-4
 31841 | D:14     | 31841 ||| Stepping ~*~*~tactically~*~*~ (hiding).
 31862 | Vaults:1 | Entered Level 1 of the Vaults
 31863 | Vaults:1 | 31863 ||| PLANNING BAZAAR
 32103 | Vaults:1 | 32103 ||| Stepping ~*~*~tactically~*~*~ (hiding).
 32109 | Vaults:1 | Received a gift from Okawaru
 32179 | Vaults:1 | 32179 ||| INVOKING Heroism.
 32204 | Vaults:1 | Identified the amulet of Issok {rPois Regen+ Str+6}
 32425 | Vaults:1 | Received a gift from Okawaru
 32443 | Vaults:1 | Reached skill level 18 in Fighting
 32533 | Vaults:1 | 32533 ||| Stepping ~*~*~tactically~*~*~ (hiding).
 32611 | Vaults:1 | Found a flickering gateway to a bazaar.
 32612 | Vaults:1 | 32612 ||| UPGRADING to amulet of Issok {rPois Regen+
                  | Str+6}.
 32622 | Vaults:1 | 32622 ||| DROPPING amulet of reflection.
 32644 | Bazaar   | Entered a bazaar
 32648 | Bazaar   | Found Xemocaj's Assorted Antiques.
 32656 | Bazaar   | 32656 ||| BUYING potion of resistance (380 gold).
 32656 | Bazaar   | Bought a potion of resistance for 380 gold pieces
 32658 | Bazaar   | Found Koot's Antique Armour Emporium.
 32687 | Bazaar   | Found Peothrab's Weapon Shop.
 32694 | Bazaar   | Found Gomok's Jewellery Emporium.
 32702 | Bazaar   | 32702 ||| BUYING ring of protection from cold (275 gold).
 32702 | Bazaar   | Bought a ring of protection from cold for 275 gold pieces
 32717 | Vaults:1 | 32717 ||| PLANNING VAULTS:1-4
 32922 | Vaults:1 | 32922 ||| INVOKING Heroism.
 32923 | Vaults:1 | 32923 ||| INVOKING Finesse.
 32969 | Vaults:1 | Received a gift from Okawaru
 32998 | Vaults:1 | 32998 ||| Stepping ~*~*~tactically~*~*~ (hiding).
 33003 | Vaults:1 | 33003 ||| INVOKING Heroism.
 33011 | Vaults:1 | Reached skill level 15 in Armour
 33037 | Vaults:1 | 33037 ||| Stepping ~*~*~tactically~*~*~ (hiding).
 33038 | Vaults:1 | 33038 ||| Stepping ~*~*~tactically~*~*~ (hiding).
 33039 | Vaults:1 | 33039 ||| Stepping ~*~*~tactically~*~*~ (hiding).
 33045 | Vaults:1 | 33045 ||| INVOKING Heroism.
 33286 | Vaults:1 | Identified the +1 robe of Kaet {rC++ rCorr SInv Stlth+}
 33346 | Vaults:1 | Found Perreygg's Assorted Antiques.
 33366 | Vaults:1 | 33366 ||| BUYING potion of cancellation (216 gold).
 33366 | Vaults:1 | Bought a potion of cancellation for 216 gold pieces
 33366 | Vaults:1 | 33366 ||| BUYING potion of heal wounds (135 gold).
 33366 | Vaults:1 | Bought a potion of heal wounds for 135 gold pieces
 33366 | Vaults:1 | 33366 ||| BUYING scroll of enchant armour (202 gold).
 33366 | Vaults:1 | Bought a scroll of enchant armour for 202 gold pieces
 33595 | Vaults:1 | Received a gift from Okawaru
 33710 | Vaults:1 | 33710 ||| Stepping ~*~*~tactically~*~*~ (stealth).
 33713 | Vaults:1 | 33713 ||| Stepping ~*~*~tactically~*~*~ (stealth).
 33941 | Vaults:2 | 33941 ||| PLANNING WIZLAB
 33957 | Vaults:2 | 33957 ||| Stepping ~*~*~tactically~*~*~ (stealth).
 33959 | Vaults:2 | 33959 ||| Stepping ~*~*~tactically~*~*~ (stealth).
 33987 | Vaults:2 | Received a gift from Okawaru
 34113 | Vaults:2 | Received a gift from Okawaru
 34161 | Vaults:2 | Reached skill level 19 in Fighting
 34232 | Vaults:2 | 34232 ||| FLEEEEING.
 34234 | Vaults:2 | 34234 ||| FLEEEEING.
 34236 | Vaults:2 | 34236 ||| FLEEEEING.
 34237 | Vaults:2 | 34237 ||| FLEEEEING.
 34238 | Vaults:2 | 34238 ||| FLEEEEING.
 34239 | Vaults:2 | 34239 ||| FLEEEEING.
 34240 | Vaults:2 | 34240 ||| FLEEEEING.
 34241 | Vaults:2 | 34241 ||| FLEEEEING.
 34244 | Vaults:2 | 34244 ||| FLEEEEING.
 34263 | Vaults:2 | Reached XP level 20. HP: 139/139 MP: 27/27
 34446 | Vaults:2 | 34446 ||| FLEEEEING.
 34447 | Vaults:2 | 34447 ||| FLEEEEING.
 34448 | Vaults:2 | 34448 ||| FLEEEEING.
 34449 | Vaults:2 | 34449 ||| FLEEEEING.
 34460 | Vaults:2 | 34460 ||| FLEEEEING.
 34461 | Vaults:2 | 34461 ||| FLEEEEING.
 34462 | Vaults:2 | 34462 ||| FLEEEEING.
 34471 | Vaults:2 | 34471 ||| FLEEEEING.
 34472 | Vaults:2 | 34472 ||| FLEEEEING.
 34479 | Vaults:2 | 34479 ||| Stepping ~*~*~tactically~*~*~ (hiding).
 34480 | Vaults:2 | 34480 ||| FLEEEEING.
 34481 | Vaults:2 | 34481 ||| FLEEEEING.
 34482 | Vaults:2 | 34482 ||| FLEEEEING.
 34485 | Vaults:2 | 34485 ||| Stepping ~*~*~tactically~*~*~ (hiding).
 34500 | Vaults:2 | Reached skill level 6 in Dodging
 34589 | Vaults:2 | Received a gift from Okawaru
 34600 | Vaults:2 | 34600 ||| RIP WIZLAB
 34601 | Vaults:2 | 34601 ||| PLANNING VAULTS:1-4
 34620 | Vaults:2 | Received a gift from Okawaru
 34631 | Vaults:2 | 34631 ||| INVOKING Heroism.
 34737 | Vaults:2 | 34737 ||| FLEEEEING.
 34738 | Vaults:2 | 34738 ||| FLEEEEING.
 34739 | Vaults:2 | 34739 ||| FLEEEEING.
 34740 | Vaults:2 | 34740 ||| FLEEEEING.
 34741 | Vaults:2 | 34741 ||| FLEEEEING.
 34742 | Vaults:2 | 34742 ||| FLEEEEING.
 34743 | Vaults:2 | 34743 ||| FLEEEEING.
 34752 | Vaults:2 | 34752 ||| FLEEEEING.
 34758 | Vaults:2 | 34758 ||| INVOKING Heroism.
 34759 | Vaults:2 | 34759 ||| INVOKING Finesse.
 34760 | Vaults:2 | Received a gift from Okawaru
 34776 | Vaults:2 | 34776 ||| Stepping ~*~*~tactically~*~*~ (hiding).
 34777 | Vaults:2 | 34777 ||| Stepping ~*~*~tactically~*~*~ (hiding).
 34778 | Vaults:2 | 34778 ||| Stepping ~*~*~tactically~*~*~ (hiding).
 34781 | Vaults:2 | 34781 ||| Stepping ~*~*~tactically~*~*~ (hiding).
 34815 | Vaults:2 | 34815 ||| Stepping ~*~*~tactically~*~*~ (hiding).
 35096 | Vaults:2 | Identified the +1 pair of gloves "Rounamno" {Str+2 Int+5}
                  | (Okawaru gifted it to you on level 2 of the Vaults)
 35096 | Vaults:2 | Received a gift from Okawaru
 35246 | Vaults:2 | 35246 ||| FLEEEEING.
 35247 | Vaults:2 | 35247 ||| FLEEEEING.
 35248 | Vaults:2 | 35248 ||| FLEEEEING.
 35249 | Vaults:2 | 35249 ||| FLEEEEING.
 35250 | Vaults:2 | 35250 ||| FLEEEEING.
 35251 | Vaults:2 | 35251 ||| FLEEEEING.
 35252 | Vaults:2 | 35252 ||| FLEEEEING.
 35253 | Vaults:2 | 35253 ||| FLEEEEING.
 35254 | Vaults:2 | 35254 ||| FLEEEEING.
 35255 | Vaults:2 | 35255 ||| FLEEEEING.
 35256 | Vaults:2 | 35256 ||| FLEEEEING.
 35257 | Vaults:2 | 35257 ||| FLEEEEING.
 35258 | Vaults:2 | 35258 ||| FLEEEEING.
 35259 | Vaults:2 | 35259 ||| FLEEEEING.
 35260 | Vaults:2 | 35260 ||| FLEEEEING.
 35261 | Vaults:2 | 35261 ||| FLEEEEING.
 35262 | Vaults:2 | 35262 ||| FLEEEEING.
 35263 | Vaults:2 | 35263 ||| FLEEEEING.
 35264 | Vaults:2 | 35264 ||| FLEEEEING.
 35265 | Vaults:2 | 35265 ||| FLEEEEING.
 35266 | Vaults:2 | 35266 ||| FLEEEEING.
 35267 | Vaults:2 | 35267 ||| FLEEEEING.
 35268 | Vaults:2 | 35268 ||| FLEEEEING.
 35269 | Vaults:2 | 35269 ||| FLEEEEING.
 35270 | Vaults:2 | 35270 ||| FLEEEEING.
 35271 | Vaults:2 | 35271 ||| STAIRDANCE
 35373 | Vaults:1 | 35373 ||| UPGRADING to +2 kite shield.
 35383 | Vaults:1 | 35383 ||| DROPPING +1 kite shield of reflection.
 35384 | Vaults:1 | 35384 ||| DROPPING scarf of invisibility.
 35385 | Vaults:1 | 35385 ||| UPGRADING to +1 pair of gloves "Rounamno" {Str+2
                  | Int+5}.
 35395 | Vaults:1 | 35395 ||| DROPPING +2 pair of gloves.
 35721 | Vaults:2 | 35721 ||| DROPPING +1 pair of gloves.
 35851 | Vaults:3 | 35851 ||| Stepping ~*~*~tactically~*~*~ (hiding).
 35852 | Vaults:3 | 35852 ||| Stepping ~*~*~tactically~*~*~ (hiding).
 35853 | Vaults:3 | 35853 ||| Stepping ~*~*~tactically~*~*~ (hiding).
 35854 | Vaults:3 | 35854 ||| Stepping ~*~*~tactically~*~*~ (hiding).
 36061 | Vaults:3 | 36061 ||| Stepping ~*~*~tactically~*~*~ (hiding).
 36151 | Vaults:3 | 36151 ||| Stepping ~*~*~tactically~*~*~ (stealth).
 36153 | Vaults:3 | 36153 ||| Stepping ~*~*~tactically~*~*~ (stealth).
 36200 | Vaults:3 | Found a staircase to the Crypt.
 36255 | Vaults:3 | 36255 ||| Stepping ~*~*~tactically~*~*~ (hiding).
 36268 | Vaults:3 | Reached skill level 20 in Fighting
 36283 | Vaults:3 | 36283 ||| Stepping ~*~*~tactically~*~*~ (hiding).
 36511 | Vaults:3 | Received a gift from Okawaru
 36633 | Vaults:3 | 36633 ||| FLEEEEING.
 36634 | Vaults:3 | 36634 ||| FLEEEEING.
 36638 | Vaults:3 | 36638 ||| FLEEEEING.
 36639 | Vaults:3 | 36639 ||| FLEEEEING.
 36642 | Vaults:3 | 36642 ||| FLEEEEING.
 36643 | Vaults:3 | 36643 ||| FLEEEEING.
 36644 | Vaults:3 | 36644 ||| FLEEEEING.
 37043 | Vaults:3 | 37043 ||| FLEEEEING.
 37044 | Vaults:3 | 37044 ||| FLEEEEING.
 37045 | Vaults:3 | 37045 ||| FLEEEEING.
 37046 | Vaults:3 | 37046 ||| FLEEEEING.
 37047 | Vaults:3 | 37047 ||| FLEEEEING.
 37048 | Vaults:3 | 37048 ||| FLEEEEING.
 37054 | Vaults:3 | 37054 ||| FLEEEEING.
 37065 | Vaults:3 | 37065 ||| FLEEEEING.
 37066 | Vaults:3 | 37066 ||| FLEEEEING.
 37069 | Vaults:3 | 37069 ||| STAIRDANCE
 37171 | Vaults:2 | 37171 ||| UPGRADING to +0 tower shield.
 37181 | Vaults:2 | 37181 ||| DROPPING +2 kite shield.
 37182 | Vaults:2 | 37182 ||| DROPPING amulet of the acrobat.
 37207 | Vaults:3 | 37207 ||| Stepping ~*~*~tactically~*~*~ (hiding).
 37216 | Vaults:3 | Received a gift from Okawaru
 37216 | Vaults:3 | Found the +18 Lear's hauberk
 37218 | Vaults:3 | 37218 ||| Stepping ~*~*~tactically~*~*~ (hiding).
 37219 | Vaults:3 | 37219 ||| Stepping ~*~*~tactically~*~*~ (hiding).
 37230 | Vaults:3 | 37230 ||| Stepping ~*~*~tactically~*~*~ (hiding).
 37236 | Vaults:3 | Paralysed by a great orb of eyes for 5 turns
 37249 | Vaults:3 | 37249 ||| Stepping ~*~*~tactically~*~*~ (hiding).
 37267 | Vaults:3 | Reached XP level 21. HP: 146/146 MP: 28/28
 37338 | Vaults:3 | 37338 ||| Stepping ~*~*~tactically~*~*~ (stealth).
 37370 | Vaults:3 | You are sucked into a shaft and drop 1 floor!
 37371 | Vaults:4 | 37371 ||| INVOKING Finesse.
 37556 | Vaults:4 | 37556 ||| Stepping ~*~*~tactically~*~*~ (hiding).
 37558 | Vaults:4 | 37558 ||| Stepping ~*~*~tactically~*~*~ (hiding).
 37559 | Vaults:4 | 37559 ||| Stepping ~*~*~tactically~*~*~ (hiding).
 37803 | Vaults:4 | 37803 ||| Stepping ~*~*~tactically~*~*~ (hiding).
 37804 | Vaults:4 | 37804 ||| Stepping ~*~*~tactically~*~*~ (hiding).
 37836 | Vaults:4 | 37836 ||| READING scroll of enchant weapon.
 37836 | Vaults:4 | 37836 ||| ENCHANTING +8 vampiric broad axe.
 37956 | Vaults:3 | 37956 ||| Stepping ~*~*~tactically~*~*~ (stealth).
 37958 | Vaults:3 | 37958 ||| Stepping ~*~*~tactically~*~*~ (hiding).
 37991 | Vaults:3 | Identified the +2 arbalest "Zaotats" {drain, Contam +Blink
                  | Str+3 Stlth+}
 38039 | Vaults:3 | 38039 ||| Stepping ~*~*~tactically~*~*~ (hiding).
 38042 | Vaults:3 | 38042 ||| INVOKING Heroism.
 38043 | Vaults:3 | 38043 ||| INVOKING Finesse.
 38054 | Vaults:3 | Reached skill level 18 in Shields
 38101 | Vaults:3 | 38101 ||| Stepping ~*~*~tactically~*~*~ (hiding).
 38102 | Vaults:3 | 38102 ||| Stepping ~*~*~tactically~*~*~ (hiding).
 38186 | Vaults:3 | 38186 ||| Stepping ~*~*~tactically~*~*~ (stealth).
 38233 | Vaults:3 | 38233 ||| Stepping ~*~*~tactically~*~*~ (hiding).
 38401 | Vaults:3 | 38401 ||| Stepping ~*~*~tactically~*~*~ (stealth).
 38653 | Vaults:4 | 38653 ||| FLEEEEING.
 38656 | Vaults:4 | 38656 ||| FLEEEEING.
 38657 | Vaults:4 | 38657 ||| STAIRDANCE
 39420 | Vaults:4 | Identified the +2 dire flail of Contradiction {freeze, rF+
                  | rCorr}
 39437 | Vaults:4 | Received a gift from Okawaru
 39480 | Vaults:4 | 39480 ||| FLEEEEING.
 39481 | Vaults:4 | 39481 ||| FLEEEEING.
 39482 | Vaults:4 | 39482 ||| STAIRDANCE
 39601 | Vaults:4 | 39601 ||| PLANNING SHOALS:4
 39938 | Shoals:4 | Entered Level 4 of the Shoals
 39953 | Shoals:4 | Found Naaklur's General Store.
 39962 | Shoals:4 | 39962 ||| BUYING wand of digging (7) (382 gold).
 39962 | Shoals:4 | Bought a wand of digging (7) for 382 gold pieces
 40085 | Shoals:4 | 40085 ||| Stepping ~*~*~tactically~*~*~ (hiding).
 40087 | Shoals:4 | 40087 ||| INVOKING Heroism.
 40089 | Shoals:4 | 40089 ||| INVOKING Finesse.
 40219 | Shoals:4 | 40219 ||| INVOKING Heroism.
 40220 | Shoals:4 | 40220 ||| INVOKING Finesse.
 40234 | Shoals:4 | 40234 ||| Stepping ~*~*~tactically~*~*~ (hiding).
 40235 | Shoals:4 | 40235 ||| Stepping ~*~*~tactically~*~*~ (hiding).
 40285 | Shoals:4 | Got a barnacled rune of Zot
 40310 | Shoals:4 | 40310 ||| Stepping ~*~*~tactically~*~*~ (hiding).
 40311 | Shoals:4 | 40311 ||| Stepping ~*~*~tactically~*~*~ (hiding).
 40313 | Shoals:4 | 40313 ||| Stepping ~*~*~tactically~*~*~ (hiding).
 40314 | Shoals:4 | 40314 ||| Stepping ~*~*~tactically~*~*~ (hiding).
 40315 | Shoals:4 | 40315 ||| Stepping ~*~*~tactically~*~*~ (hiding).
 40316 | Shoals:4 | 40316 ||| Stepping ~*~*~tactically~*~*~ (hiding).
 40317 | Shoals:4 | 40317 ||| Stepping ~*~*~tactically~*~*~ (hiding).
 40521 | Shoals:4 | Received a gift from Okawaru
 40751 | Shoals:4 | Identified the amulet of Xizauhoh {Reflect rPois rN+ SH+5}
 41014 | Shoals:4 | 41014 ||| Stepping ~*~*~tactically~*~*~ (hiding).
 41027 | Shoals:4 | 41027 ||| PLANNING DEPTHS
 41027 | Shoals:4 | 41027 ||| UPGRADING to amulet of faith.
 41037 | Shoals:4 | 41037 ||| DROPPING amulet of Xizauhoh {Reflect rPois rN+
                  | SH+5}.
 41038 | Shoals:4 | 41038 ||| DROPPING ring of ice.
 41255 | Depths:1 | Entered Level 1 of the Depths
 41323 | Depths:1 | Reached skill level 21 in Shields
 41503 | Depths:1 | 41503 ||| INVOKING Heroism.
 41504 | Depths:1 | 41504 ||| INVOKING Finesse.
 41511 | Depths:1 | Received a gift from Okawaru
 41518 | Depths:1 | 41518 ||| DRINKING 21 potions of curing.
 41518 | Depths:1 | 41518 ||| (to cure confusion)
 41525 | Depths:1 | Reached XP level 22. HP: 152/152 MP: 23/29
 41581 | Depths:1 | 41581 ||| INVOKING Heroism.
 41582 | Depths:1 | 41582 ||| INVOKING Finesse.
 41683 | Depths:1 | 41683 ||| INVOKING Finesse.
 41692 | Depths:1 | 41692 ||| INVOKING Heroism.
 41703 | Depths:1 | Received a gift from Okawaru
 41867 | Depths:1 | Found Furhualynk's One-of-a-Kind Rings.
 41875 | Depths:1 | 41875 ||| BUYING +10 ring of strength (1729 gold).
 41875 | Depths:1 | Bought a +10 ring of strength for 1729 gold pieces
 41875 | Depths:1 | 41875 ||| SHOPLISTING +7 ring of protection (1966 gold,
                  | have 224).
 41875 | Depths:1 | 41875 ||| SHOPLISTING ring "Tiarch" {rF+ rC- Will+++ Str-5
                  | Int+2} (887 gold, have 224).
 41875 | Depths:1 | 41875 ||| SHOPLISTING ring of Zautolan {rC+ rCorr Str-5
                  | Dex+6 SInv} (936 gold, have 224).
 41930 | Depths:1 | 41930 ||| Stepping ~*~*~tactically~*~*~ (hiding).
 42093 | Depths:1 | 42093 ||| INVOKING Heroism.
 42108 | Depths:1 | Reached skill level 18 in Armour
 42113 | Depths:1 | Identified the +0 pair of boots of the Cuttlefish {rF+
                  | Int+3}
 42377 | Depths:1 | 42377 ||| UPGRADING to +0 pair of boots of the Cuttlefish
                  | {rF+ Int+3}.
 42387 | Depths:1 | 42387 ||| UPGRADING to +10 ring of strength.
 42389 | Depths:1 | 42389 ||| UPGRADING to +5 ring of evasion.
 42391 | Depths:1 | 42391 ||| DROPPING +4 ring of protection.
 42436 | Depths:2 | Found a one-way gateway to a ziggurat.
 42455 | Depths:2 | Received a gift from Okawaru
 42541 | Depths:2 | 42541 ||| INVOKING Heroism.
 42677 | Depths:2 | 42677 ||| INVOKING Finesse.
 42678 | Depths:2 | 42678 ||| INVOKING Finesse.
 42711 | Depths:2 | 42711 ||| INVOKING Heroism.
 42908 | Depths:2 | 42908 ||| Stepping ~*~*~tactically~*~*~ (hiding).
 42936 | Depths:2 | 42936 ||| Stepping ~*~*~tactically~*~*~ (hiding).
 42937 | Depths:2 | 42937 ||| Stepping ~*~*~tactically~*~*~ (hiding).
 42941 | Depths:2 | 42941 ||| INVOKING Heroism.
 42942 | Depths:2 | 42942 ||| INVOKING Finesse.
 42957 | Depths:2 | Reached skill level 21 in Fighting
 42968 | Depths:2 | 42968 ||| Stepping ~*~*~tactically~*~*~ (hiding).
 42969 | Depths:2 | 42969 ||| Stepping ~*~*~tactically~*~*~ (hiding).
 42971 | Depths:2 | 42971 ||| Stepping ~*~*~tactically~*~*~ (hiding).
 42972 | Depths:2 | 42972 ||| Stepping ~*~*~tactically~*~*~ (hiding).
 42973 | Depths:2 | 42973 ||| Stepping ~*~*~tactically~*~*~ (hiding).
 43162 | Depths:2 | Found a one-way gate leading to the halls of Pandemonium.
 43171 | Depths:2 | Received a gift from Okawaru
 43312 | Depths:2 | Found a one-way gate to the infinite horrors of the Abyss.
 43398 | Depths:2 | 43398 ||| INVOKING Heroism.
 43677 | Depths:2 | 43677 ||| INVOKING Heroism.
 43738 | Depths:2 | Noticed a juggernaut
 43744 | Depths:2 | 43744 ||| INVOKING Heroism.
 43746 | Depths:2 | Killed a juggernaut
 43747 | Depths:2 | 43747 ||| INVOKING Finesse.
 43843 | Depths:2 | Identified the +7 shortbow of Suxkeul {freeze, *Corrode
                  | rPois Int+5}
 43960 | Depths:3 | 43960 ||| Stepping ~*~*~tactically~*~*~ (hiding).
 44081 | Depths:3 | 44081 ||| Stepping ~*~*~tactically~*~*~ (stealth).
 44121 | Depths:3 | 44121 ||| FLEEEEING.
 44123 | Depths:3 | 44123 ||| FLEEEEING.
 44124 | Depths:3 | 44124 ||| FLEEEEING.
 44150 | Depths:3 | Found Ystuafro's Magic Scroll Shop.
 44162 | Depths:3 | 44162 ||| SHOPLISTING scroll of acquirement (1092 gold,
                  | have 1031).
 44162 | Depths:3 | 44162 ||| BUYING scroll of enchant armour (157 gold).
 44162 | Depths:3 | Bought a scroll of enchant armour for 157 gold pieces
 44162 | Depths:3 | 44162 ||| BUYING scroll of teleportation (63 gold).
 44162 | Depths:3 | Bought a scroll of teleportation for 63 gold pieces
 44162 | Depths:3 | 44162 ||| BUYING scroll of teleportation (63 gold).
 44162 | Depths:3 | Bought a scroll of teleportation for 63 gold pieces
 44218 | Depths:3 | Found Ziluxedgh's Jewellery Shoppe.
 44221 | Depths:3 | 44221 ||| BUYING ring of Biliwn {rC- rN+ Will+ rCorr Str+2}
                  | (612 gold).
 44221 | Depths:3 | Bought the ring of Biliwn {rC- rN+ Will+ rCorr Str+2} for
                  | 612 gold pieces
 44285 | Depths:3 | 44285 ||| Stepping ~*~*~tactically~*~*~ (stealth).
 44286 | Depths:3 | 44286 ||| Stepping ~*~*~tactically~*~*~ (stealth).
 44290 | Depths:3 | Paralysed by a floating eye for 4 turns
 44295 | Depths:3 | 44295 ||| INVOKING Heroism.
 44303 | Depths:3 | Reached skill level 12 in Throwing
 44374 | Depths:3 | 44374 ||| Stepping ~*~*~tactically~*~*~ (hiding).
 44565 | Depths:3 | 44565 ||| INVOKING Finesse.
 44566 | Depths:3 | 44566 ||| Stepping ~*~*~tactically~*~*~ (stealth).
 44574 | Depths:3 | Received a gift from Okawaru
 44601 | Depths:3 | 44601 ||| Stepping ~*~*~tactically~*~*~ (stealth).
 44603 | Depths:3 | 44603 ||| Stepping ~*~*~tactically~*~*~ (hiding).
 44656 | Depths:3 | 44656 ||| INVOKING Heroism.
 44662 | Depths:3 | 44662 ||| Stepping ~*~*~tactically~*~*~ (hiding).
 44731 | Depths:3 | 44731 ||| FLEEEEING.
 44732 | Depths:3 | 44732 ||| FLEEEEING.
 44745 | Depths:3 | 44745 ||| INVOKING Heroism.
 44815 | Depths:3 | Noticed a juggernaut
 44816 | Depths:3 | 44816 ||| Stepping ~*~*~tactically~*~*~ (stealth).
 44817 | Depths:3 | Noticed a juggernaut
 44818 | Depths:3 | 44818 ||| Stepping ~*~*~tactically~*~*~ (stealth).
 44819 | Depths:3 | 44819 ||| Stepping ~*~*~tactically~*~*~ (stealth).
 44820 | Depths:3 | 44820 ||| Stepping ~*~*~tactically~*~*~ (stealth).
 44823 | Depths:3 | 44823 ||| INVOKING Heroism.
 44836 | Depths:3 | Killed a juggernaut
 44836 | Depths:3 | Received a gift from Okawaru
 44883 | Depths:3 | Noticed a caustic shrike
 44884 | Depths:3 | 44884 ||| Stepping ~*~*~tactically~*~*~ (stealth).
 44885 | Depths:3 | 44885 ||| INVOKING Heroism.
 44889 | Depths:3 | Killed a caustic shrike
 44936 | Depths:3 | Reached skill level 22 in Fighting
 44939 | Depths:3 | Reached XP level 23. HP: 162/162 MP: 30/30
 45011 | Depths:3 | 45011 ||| Stepping ~*~*~tactically~*~*~ (stealth).
 45013 | Depths:3 | 45013 ||| INVOKING Heroism.
 45020 | Depths:3 | Killed a juggernaut
 45243 | Depths:3 | 45243 ||| INVOKING Heroism.
 45336 | Depths:3 | 45336 ||| INVOKING Heroism.
 45373 | Depths:4 | Entered Level 4 of the Depths
 45380 | Depths:4 | 45380 ||| INVOKING Heroism.
 45390 | Depths:4 | Received a gift from Okawaru
 45400 | Depths:4 | Received a gift from Okawaru
 45455 | Depths:4 | Noticed a juggernaut
 45456 | Depths:4 | 45456 ||| INVOKING Heroism.
 45467 | Depths:4 | Killed a juggernaut
 45481 | Depths:4 | Received a gift from Okawaru
 45521 | Depths:4 | 45521 ||| DRINKING 2 potions of cancellation.
 45673 | Depths:4 | Noticed a golden dragon
 45677 | Depths:4 | 45677 ||| Stepping ~*~*~tactically~*~*~ (cloud).
 45681 | Depths:4 | Noticed a golden dragon
 45736 | Depths:4 | Identified the +2 morningstar of Defence by Offence {flame,
                  | rElec Dex+4}
 45883 | Depths:4 | 45883 ||| INVOKING Heroism.
 45894 | Depths:4 | Received a gift from Okawaru
 45925 | Depths:4 | Identified the ring of Ysatso Zauca {Drain rElec Will+
                  | rCorr Str+4 Dex+6}
 45985 | Depths:4 | 45985 ||| INVOKING Heroism.
 46074 | Depths:4 | Received a gift from Okawaru
 46089 | Depths:4 | 46089 ||| Stepping ~*~*~tactically~*~*~ (stealth).
 46092 | Depths:4 | 46092 ||| INVOKING Heroism.
 46101 | Depths:4 | Killed a golden dragon
 46112 | Depths:4 | Received a gift from Okawaru
 46127 | Depths:4 | 46127 ||| Stepping ~*~*~tactically~*~*~ (hiding).
 46131 | Depths:4 | Paralysed by a vampire knight for 3 turns
 46142 | Depths:4 | 46142 ||| INVOKING Heroism.
 46174 | Depths:4 | Found a runed translucent door.
 46179 | Depths:4 | Found a gate to the Realm of Zot.
 46206 | Depths:4 | 46206 ||| INVOKING Heroism.
 46233 | Depths:4 | Found a runed translucent door.
 46234 | Depths:4 | 46234 ||| DROPPING ring of resist corrosion.
 46235 | Depths:4 | 46235 ||| UPGRADING to ring of Ysatso Zauca {Drain rElec
                  | Will+ rCorr Str+4 Dex+6}.
 46237 | Depths:4 | 46237 ||| UPGRADING to +10 ring of strength.
 46240 | Depths:4 | Found a runed translucent door.
 46245 | Depths:4 | Found a runed translucent door.
 46270 | Depths:4 | Found a runed translucent door.
 46270 | Depths:4 | Found a runed translucent door.
 46323 | Depths:4 | 46323 ||| INVOKING Heroism.
 46354 | Depths:4 | 46354 ||| Stepping ~*~*~tactically~*~*~ (hiding).
 46355 | Depths:4 | 46355 ||| Stepping ~*~*~tactically~*~*~ (hiding).
 46390 | Depths:4 | 46390 ||| INVOKING Heroism.
 46395 | Depths:4 | Killed a golden dragon
 46798 | Depths:4 | 46798 ||| PLANNING VAULTS:5
 47093 | Vaults:5 | Entered Level 5 of the Vaults
 47100 | Vaults:5 | 47100 ||| STAIRDANCE
 47105 | Vaults:4 | Received a gift from Okawaru
 47106 | Vaults:4 | Reached skill level 9 in Dodging
 47126 | Vaults:5 | 47126 ||| INVOKING Heroism.
 47139 | Vaults:5 | 47139 ||| INVOKING Finesse.
 47140 | Vaults:5 | Received a gift from Okawaru
 47147 | Vaults:5 | Noticed an ancient lich
 47157 | Vaults:5 | Received a gift from Okawaru
 47170 | Vaults:5 | Killed an ancient lich
 47171 | Vaults:5 | Reached XP level 24. HP: 146/168 MP: 27/30
 47191 | Vaults:5 | Received a gift from Okawaru
 47203 | Vaults:5 | Noticed a dread lich
 47214 | Vaults:5 | 47214 ||| DRINKING 3 potions of resistance.
 47215 | Vaults:5 | 47215 ||| INVOKING Heroism.
 47221 | Vaults:5 | Killed a dread lich
 47226 | Vaults:5 | 47226 ||| INVOKING Finesse.
 47233 | Vaults:5 | Received a gift from Okawaru
 47262 | Vaults:5 | Received a gift from Okawaru
 47335 | Vaults:5 | 47335 ||| Stepping ~*~*~tactically~*~*~ (stealth).
 47337 | Vaults:5 | 47337 ||| Stepping ~*~*~tactically~*~*~ (hiding).
 47338 | Vaults:5 | 47338 ||| Stepping ~*~*~tactically~*~*~ (hiding).
 47340 | Vaults:5 | 47340 ||| Stepping ~*~*~tactically~*~*~ (hiding).
 47347 | Vaults:5 | 47347 ||| Stepping ~*~*~tactically~*~*~ (hiding).
 47362 | Vaults:5 | 47362 ||| INVOKING Heroism.
 47391 | Vaults:5 | Found Puppai's Distillery.
 47392 | Vaults:5 | 47392 ||| Stepping ~*~*~tactically~*~*~ (stealth).
 47424 | Vaults:5 | Found Deaddees's Magic Scroll Shoppe.
 47425 | Vaults:5 | 47425 ||| INVOKING Heroism.
 47435 | Vaults:5 | 47435 ||| Stepping ~*~*~tactically~*~*~ (hiding).
 47466 | Vaults:5 | 47466 ||| Stepping ~*~*~tactically~*~*~ (stealth).
 47475 | Vaults:5 | 47475 ||| INVOKING Heroism.
 47477 | Vaults:5 | 47477 ||| Stepping ~*~*~tactically~*~*~ (hiding).
 47478 | Vaults:5 | 47478 ||| Stepping ~*~*~tactically~*~*~ (hiding).
 47479 | Vaults:5 | 47479 ||| BUYING potion of cancellation (176 gold).
 47479 | Vaults:5 | Bought a potion of cancellation for 176 gold pieces
 47479 | Vaults:5 | 47479 ||| BUYING potion of curing (66 gold).
 47479 | Vaults:5 | Bought a potion of curing for 66 gold pieces
 47479 | Vaults:5 | 47479 ||| BUYING potion of heal wounds (110 gold).
 47479 | Vaults:5 | Bought a potion of heal wounds for 110 gold pieces
 47479 | Vaults:5 | 47479 ||| BUYING potion of might (88 gold).
 47479 | Vaults:5 | Bought a potion of might for 88 gold pieces
 47479 | Vaults:5 | 47479 ||| Stepping ~*~*~tactically~*~*~ (hiding).
 47479 | Vaults:5 | Found Kumait's Distillery.
 47490 | Vaults:5 | Reached skill level 23 in Fighting
 47501 | Vaults:5 | 47501 ||| INVOKING Heroism.
 47538 | Vaults:5 | Received a gift from Okawaru
 47652 | Vaults:5 | 47652 ||| BUYING scroll of enchant weapon (97 gold).
 47652 | Vaults:5 | Bought a scroll of enchant weapon for 97 gold pieces
 47652 | Vaults:5 | 47652 ||| BUYING scroll of teleportation (39 gold).
 47652 | Vaults:5 | Bought a scroll of teleportation for 39 gold pieces
 47656 | Vaults:5 | 47656 ||| BUYING 2 potions of curing (72 gold).
 47656 | Vaults:5 | Bought 2 potions of curing for 72 gold pieces
 47656 | Vaults:5 | 47656 ||| BUYING potion of curing (36 gold).
 47656 | Vaults:5 | Bought a potion of curing for 36 gold pieces
 47656 | Vaults:5 | 47656 ||| BUYING potion of mutation (96 gold).
 47656 | Vaults:5 | Bought a potion of mutation for 96 gold pieces
 47689 | Vaults:5 | Found Ihiezun's Antique Armour Shop.
 47695 | Vaults:5 | 47695 ||| BUYING runed helmet (202 gold).
 47695 | Vaults:5 | Bought a runed helmet for 202 gold pieces
 47741 | Vaults:5 | Found Fexkyx's Magic Scroll Shoppe.
 47746 | Vaults:5 | 47746 ||| BUYING 3 scrolls of teleportation (144 gold).
 47746 | Vaults:5 | Bought 3 scrolls of teleportation for 144 gold pieces
 47746 | Vaults:5 | 47746 ||| BUYING scroll of brand weapon (152 gold).
 47746 | Vaults:5 | Bought a scroll of brand weapon for 152 gold pieces
 47746 | Vaults:5 | 47746 ||| BUYING scroll of teleportation (48 gold).
 47746 | Vaults:5 | Bought a scroll of teleportation for 48 gold pieces
 47752 | Vaults:5 | Found Etaol's Magic Scroll Emporium.
 47752 | Vaults:5 | Identified the +9 scimitar "Moghauwn" {flame, Str+3}
 47761 | Vaults:5 | 47761 ||| BUYING scroll of enchant weapon (150 gold).
 47761 | Vaults:5 | Bought a scroll of enchant weapon for 150 gold pieces
 47761 | Vaults:5 | 47761 ||| BUYING scroll of teleportation (60 gold).
 47761 | Vaults:5 | Bought a scroll of teleportation for 60 gold pieces
 47761 | Vaults:5 | 47761 ||| SHOPLISTING scroll of teleportation (60 gold,
                  | have 32).
 47871 | Vaults:5 | Found Vaipno's Jewellery Boutique.
 47896 | Vaults:5 | 47896 ||| INVOKING Heroism.
 47897 | Vaults:5 | 47897 ||| Stepping ~*~*~tactically~*~*~ (hiding).
 48009 | Vaults:5 | Got a silver rune of Zot
 48452 | Vaults:5 | Found Kaestrei's Magic Scroll Shoppe.
 48452 | Vaults:5 | Found Dynamp's Distillery.
 48457 | Vaults:5 | 48457 ||| BUYING scroll of enchant weapon (127 gold).
 48457 | Vaults:5 | Bought a scroll of enchant weapon for 127 gold pieces
 48457 | Vaults:5 | 48457 ||| BUYING scroll of teleportation (51 gold).
 48457 | Vaults:5 | Bought a scroll of teleportation for 51 gold pieces
 48464 | Vaults:5 | 48464 ||| BUYING potion of cancellation (128 gold).
 48464 | Vaults:5 | Bought a potion of cancellation for 128 gold pieces
 48464 | Vaults:5 | 48464 ||| BUYING potion of curing (48 gold).
 48464 | Vaults:5 | Bought a potion of curing for 48 gold pieces
 48464 | Vaults:5 | 48464 ||| BUYING potion of resistance (160 gold).
 48464 | Vaults:5 | Bought a potion of resistance for 160 gold pieces
 48472 | Vaults:5 | Found Nodat's Distillery.
 48480 | Vaults:5 | 48480 ||| BUYING 2 potions of heal wounds (180 gold).
 48480 | Vaults:5 | Bought 2 potions of heal wounds for 180 gold pieces
 48480 | Vaults:5 | 48480 ||| BUYING 2 potions of might (144 gold).
 48480 | Vaults:5 | Bought 2 potions of might for 144 gold pieces
 48480 | Vaults:5 | 48480 ||| BUYING potion of curing (54 gold).
 48480 | Vaults:5 | Bought a potion of curing for 54 gold pieces
 48480 | Vaults:5 | 48480 ||| BUYING potion of heal wounds (90 gold).
 48480 | Vaults:5 | Bought a potion of heal wounds for 90 gold pieces
 48480 | Vaults:5 | 48480 ||| BUYING potion of might (72 gold).
 48480 | Vaults:5 | Bought a potion of might for 72 gold pieces
 48480 | Vaults:5 | 48480 ||| BUYING potion of mutation (144 gold).
 48480 | Vaults:5 | Bought a potion of mutation for 144 gold pieces
 48490 | Vaults:5 | Found Boynir's Magic Scroll Shop.
 48495 | Vaults:5 | 48495 ||| SHOPLISTING scroll of brand weapon (142 gold,
                  | have 12).
 48495 | Vaults:5 | 48495 ||| SHOPLISTING scroll of enchant weapon (112 gold,
                  | have 12).
 48495 | Vaults:5 | 48495 ||| SHOPLISTING scroll of teleportation (45 gold,
                  | have 12).
 48578 | Vaults:5 | 48578 ||| PLANNING SHOPPING SPREE
 48578 | Vaults:5 | 48578 ||| DROPPING +0 fire dragon scales.
 48579 | Vaults:5 | 48579 ||| UPGRADING to +0 gold dragon scales.
 48589 | Vaults:5 | 48589 ||| DROPPING +4 chain mail of cold resistance.
 48590 | Vaults:5 | 48590 ||| DROPPING +0 helmet of intelligence.
 48591 | Vaults:5 | 48591 ||| UPGRADING to +2 pair of boots.
 48601 | Vaults:5 | 48601 ||| DROPPING +0 ice dragon scales.
 48602 | Vaults:5 | 48602 ||| DROPPING +2 helmet.
 48603 | Vaults:5 | 48603 ||| READING 3 scrolls of enchant armour.
 48603 | Vaults:5 | 48603 ||| ENCHANTING +0 gold dragon scales.
 48604 | Vaults:5 | 48604 ||| DROPPING +2 plate armour of positive energy.
 48605 | Vaults:5 | 48605 ||| READING 2 scrolls of enchant armour.
 48605 | Vaults:5 | 48605 ||| ENCHANTING +1 gold dragon scales.
 48606 | Vaults:5 | 48606 ||| READING scroll of enchant armour.
 48606 | Vaults:5 | 48606 ||| ENCHANTING +2 gold dragon scales.
 48607 | Vaults:5 | 48607 ||| CLEARING SHOPPING LIST
 48607 | Vaults:5 | 48607 ||| PLANNING ZOT:1-4
 48984 | Zot:1    | Entered Level 1 of the Realm of Zot
 48988 | Zot:1    | 48988 ||| Stepping ~*~*~tactically~*~*~ (hiding).
 48989 | Zot:1    | 48989 ||| Stepping ~*~*~tactically~*~*~ (hiding).
 48992 | Zot:1    | 48992 ||| INVOKING Heroism.
 49005 | Zot:1    | Identified the +0 kite shield "Celosch" {Stlth+} (Okawaru
                  | gifted it to you on level 1 of the Realm of Zot)
 49005 | Zot:1    | Received a gift from Okawaru
 49014 | Zot:1    | 49014 ||| INVOKING Heroism.
 49219 | Zot:1    | 49219 ||| Stepping ~*~*~tactically~*~*~ (hiding).
 49221 | Zot:1    | 49221 ||| Stepping ~*~*~tactically~*~*~ (hiding).
 49222 | Zot:1    | 49222 ||| Stepping ~*~*~tactically~*~*~ (hiding).
 49223 | Zot:1    | 49223 ||| Stepping ~*~*~tactically~*~*~ (hiding).
 49225 | Zot:1    | 49225 ||| Stepping ~*~*~tactically~*~*~ (hiding).
 49337 | Zot:1    | 49337 ||| INVOKING Heroism.
 49383 | Zot:1    | Reached skill level 21 in Armour
 49385 | Zot:1    | Reached XP level 25. HP: 159/176 MP: 4/30
 49527 | Zot:1    | 49527 ||| Stepping ~*~*~tactically~*~*~ (hiding).
 49736 | Zot:1    | 49736 ||| Stepping ~*~*~tactically~*~*~ (hiding).
 49737 | Zot:1    | 49737 ||| Stepping ~*~*~tactically~*~*~ (hiding).
 49739 | Zot:1    | 49739 ||| INVOKING Heroism.
 49747 | Zot:1    | Received a gift from Okawaru
 49760 | Zot:1    | Noticed an orb of fire
 49761 | Zot:1    | 49761 ||| Stepping ~*~*~tactically~*~*~ (hiding).
 49762 | Zot:1    | 49762 ||| Stepping ~*~*~tactically~*~*~ (hiding).
 49764 | Zot:1    | 49764 ||| DRINKING 4 potions of resistance.
 49765 | Zot:1    | 49765 ||| INVOKING Finesse.
 49780 | Zot:1    | Killed an orb of fire
 50078 | Zot:1    | Received a gift from Okawaru
 50213 | Zot:1    | 50213 ||| INVOKING Heroism.
 50473 | Zot:1    | 50473 ||| Stepping ~*~*~tactically~*~*~ (hiding).
 50476 | Zot:1    | 50476 ||| INVOKING Heroism.
 50717 | Zot:1    | 50717 ||| Stepping ~*~*~tactically~*~*~ (stealth).
 50720 | Zot:1    | 50720 ||| Stepping ~*~*~tactically~*~*~ (hiding).
 50721 | Zot:1    | 50721 ||| Stepping ~*~*~tactically~*~*~ (hiding).
 50722 | Zot:1    | 50722 ||| INVOKING Heroism.
 50759 | Zot:1    | 50759 ||| INVOKING Heroism.
 51125 | Zot:1    | 51125 ||| UPGRADING to +0 pair of boots of the Cuttlefish
                  | {rF+ Int+3}.
 51199 | Zot:2    | Found a transporter.
 51203 | Zot:2    | Found a transporter.
 51259 | Zot:2    | 51259 ||| INVOKING Heroism.
 51264 | Zot:2    | 51264 ||| Stepping ~*~*~tactically~*~*~ (cloud).
 51375 | Zot:2    | 51375 ||| Stepping ~*~*~tactically~*~*~ (hiding).
 51376 | Zot:2    | 51376 ||| INVOKING Heroism.
 51393 | Zot:2    | Received a gift from Okawaru
 51408 | Zot:2    | 51408 ||| Stepping ~*~*~tactically~*~*~ (hiding).
 51409 | Zot:2    | 51409 ||| Stepping ~*~*~tactically~*~*~ (hiding).
 51506 | Zot:2    | Found a transporter.
 51507 | Zot:2    | Found a transporter.
 51508 | Zot:2    | Found a transporter.
 51520 | Zot:2    | Found a transporter.
 51524 | Zot:2    | 51524 ||| Stepping ~*~*~tactically~*~*~ (hiding).
 51526 | Zot:2    | 51526 ||| Stepping ~*~*~tactically~*~*~ (hiding).
 51697 | Zot:2    | Identified the +6 flail of Rubbish {vamp, Str+3 Int+3
                  | Dex+2}
 51764 | Zot:2    | 51764 ||| Stepping ~*~*~tactically~*~*~ (hiding).
 51775 | Zot:2    | 51775 ||| Stepping ~*~*~tactically~*~*~ (hiding).
 51776 | Zot:2    | 51776 ||| INVOKING Heroism.
 51791 | Zot:2    | 51791 ||| Stepping ~*~*~tactically~*~*~ (hiding).
 51792 | Zot:2    | 51792 ||| Stepping ~*~*~tactically~*~*~ (hiding).
 51794 | Zot:2    | 51794 ||| Stepping ~*~*~tactically~*~*~ (hiding).
 51807 | Zot:2    | Received a gift from Okawaru
 51808 | Zot:2    | Reached skill level 24 in Fighting
 51971 | Zot:2    | 51971 ||| INVOKING Heroism.
 52050 | Zot:2    | Gained mutation: You are occasionally teleported next to
                  | monsters. [mutagenic glow]
 52126 | Zot:2    | 52126 ||| DRINKING 8 potions of mutation.
 52126 | Zot:2    | Lost mutation: You are occasionally teleported next to
                  | monsters. [potion of mutation]
 52126 | Zot:2    | Gained mutation: Your mind is acute. (Int +4, Str/Dex -1)
                  | [potion of mutation]
 52126 | Zot:2    | Gained mutation: You have supernaturally acute eyesight.
                  | (SInv) [potion of mutation]
 52126 | Zot:2    | Gained mutation: You are strong-willed. (Will+) [potion of
                  | mutation]
 52130 | Zot:2    | 52130 ||| DROPPING +1 robe of Kaet {rC++ rCorr SInv
                  | Stlth+}.
 52131 | Zot:2    | 52131 ||| Stepping randomly (stuck).
 52132 | Zot:2    | 52132 ||| Stepping randomly (stuck).
 52133 | Zot:2    | 52133 ||| Stepping randomly (stuck).
 52134 | Zot:2    | 52134 ||| Stepping randomly (stuck).
 52135 | Zot:2    | 52135 ||| Stepping randomly (stuck).
 52136 | Zot:2    | 52136 ||| Stepping randomly (stuck).
 52137 | Zot:2    | 52137 ||| Stepping randomly (stuck).
 52138 | Zot:2    | 52138 ||| Stepping randomly (stuck).
 52139 | Zot:2    | 52139 ||| Stepping randomly (stuck).
 52140 | Zot:2    | 52140 ||| Stepping randomly (stuck).
 52141 | Zot:2    | 52141 ||| Stepping randomly (stuck).
 52142 | Zot:2    | 52142 ||| Stepping randomly (stuck).
 52143 | Zot:2    | 52143 ||| Stepping randomly (stuck).
 52144 | Zot:2    | 52144 ||| Stepping randomly (stuck).
 52145 | Zot:2    | 52145 ||| Stepping randomly (stuck).
 52146 | Zot:2    | 52146 ||| Stepping randomly (stuck).
 52147 | Zot:2    | 52147 ||| Stepping randomly (stuck).
 52148 | Zot:2    | 52148 ||| Stepping randomly (stuck).
 52149 | Zot:2    | 52149 ||| Stepping randomly (stuck).
 52150 | Zot:2    | 52150 ||| Stepping randomly (stuck).
 52151 | Zot:2    | 52151 ||| Stepping randomly (stuck).
 52152 | Zot:2    | 52152 ||| Stepping randomly (stuck).
 52153 | Zot:2    | 52153 ||| Stepping randomly (stuck).
 52154 | Zot:2    | 52154 ||| Stepping randomly (stuck).
 52155 | Zot:2    | 52155 ||| Stepping randomly (stuck).
 52156 | Zot:2    | 52156 ||| Stepping randomly (stuck).
 52157 | Zot:2    | 52157 ||| Stepping randomly (stuck).
 52158 | Zot:2    | 52158 ||| Stepping randomly (stuck).
 52159 | Zot:2    | 52159 ||| Stepping randomly (stuck).
 52160 | Zot:2    | 52160 ||| Stepping randomly (stuck).
 52161 | Zot:2    | 52161 ||| Stepping randomly (stuck).
 52162 | Zot:2    | 52162 ||| Stepping randomly (stuck).
 52163 | Zot:2    | 52163 ||| Stepping randomly (stuck).
 52164 | Zot:2    | 52164 ||| Stepping randomly (stuck).
 52165 | Zot:2    | 52165 ||| Stepping randomly (stuck).
 52166 | Zot:2    | 52166 ||| Stepping randomly (stuck).
 52167 | Zot:2    | 52167 ||| Stepping randomly (stuck).
 52168 | Zot:2    | 52168 ||| Stepping randomly (stuck).
 52169 | Zot:2    | 52169 ||| Stepping randomly (stuck).
 52170 | Zot:2    | 52170 ||| Stepping randomly (stuck).
 52171 | Zot:2    | 52171 ||| Stepping randomly (stuck).
 52172 | Zot:2    | 52172 ||| Stepping randomly (stuck).
 52173 | Zot:2    | 52173 ||| Stepping randomly (stuck).
 52174 | Zot:2    | 52174 ||| Stepping randomly (stuck).
 52175 | Zot:2    | 52175 ||| Stepping randomly (stuck).
 52176 | Zot:2    | 52176 ||| Stepping randomly (stuck).
 52177 | Zot:2    | 52177 ||| Stepping randomly (stuck).
 52178 | Zot:2    | 52178 ||| Stepping randomly (stuck).
 52179 | Zot:2    | 52179 ||| Stepping randomly (stuck).
 52180 | Zot:2    | 52180 ||| Stepping randomly (stuck).
 52181 | Zot:2    | 52181 ||| Stepping randomly (stuck).
 52182 | Zot:2    | 52182 ||| READING 30 scrolls of teleportation.
 52481 | Zot:3    | 52481 ||| DROPPING +1 broad axe of electrocution.
 52549 | Zot:3    | 52549 ||| FLEEEEING.
 52550 | Zot:3    | 52550 ||| FLEEEEING.
 52552 | Zot:3    | 52552 ||| FLEEEEING.
 52553 | Zot:3    | 52553 ||| FLEEEEING.
 52556 | Zot:3    | 52556 ||| FLEEEEING.
 52557 | Zot:3    | 52557 ||| FLEEEEING.
 52558 | Zot:3    | 52558 ||| FLEEEEING.
 52559 | Zot:3    | 52559 ||| INVOKING Heroism.
 52573 | Zot:3    | Received a gift from Okawaru
 52578 | Zot:3    | 52578 ||| Stepping ~*~*~tactically~*~*~ (hiding).
 52584 | Zot:3    | 52584 ||| INVOKING Heroism.
 52745 | Zot:3    | 52745 ||| INVOKING Heroism.
 52994 | Zot:3    | 52994 ||| INVOKING Heroism.
 53019 | Zot:3    | Received a gift from Okawaru
 53031 | Zot:3    | 53031 ||| READING scroll of enchant armour.
 53031 | Zot:3    | 53031 ||| ENCHANTING +3 gold dragon scales.
 53237 | Zot:3    | 53237 ||| Stepping ~*~*~tactically~*~*~ (hiding).
 53238 | Zot:3    | 53238 ||| Stepping ~*~*~tactically~*~*~ (hiding).
 53245 | Zot:3    | 53245 ||| Stepping ~*~*~tactically~*~*~ (hiding).
 53249 | Zot:3    | 53249 ||| Stepping ~*~*~tactically~*~*~ (hiding).
 53391 | Zot:4    | 53391 ||| Stepping ~*~*~tactically~*~*~ (hiding).
 53392 | Zot:4    | 53392 ||| INVOKING Heroism.
 53511 | Zot:4    | 53511 ||| Stepping ~*~*~tactically~*~*~ (stealth).
 53531 | Zot:4    | Noticed an orb of fire
 53532 | Zot:4    | 53532 ||| DRINKING 3 potions of resistance.
 53533 | Zot:4    | 53533 ||| INVOKING Heroism.
 53534 | Zot:4    | 53534 ||| INVOKING Finesse.
 53551 | Zot:4    | Gained mutation: You are vulnerable to heat. (rF-) [an orb
                  | of fire]
 53559 | Zot:4    | Gained mutation: Your magical capacity is low. (-10% MP)
                  | [an orb of fire]
 53565 | Zot:4    | Killed an orb of fire
 53565 | Zot:4    | Received a gift from Okawaru
 53566 | Zot:4    | Reached skill level 25 in Fighting
 53571 | Zot:4    | 53571 ||| Stepping ~*~*~tactically~*~*~ (stealth).
 53592 | Zot:4    | 53592 ||| DRINKING 7 potions of mutation.
 53592 | Zot:4    | Lost mutation: You are strong-willed. (Will+) [potion of
                  | mutation]
 53592 | Zot:4    | Lost mutation: Your mind is acute. (Int +4, Str/Dex -1)
                  | [potion of mutation]
 53592 | Zot:4    | Gained mutation: You occasionally lose the ability to read
                  | scrolls when taking damage. [potion of mutation]
 53592 | Zot:4    | Gained mutation: You are strong-willed. (Will+) [potion of
                  | mutation]
 53592 | Zot:4    | Gained mutation: You are agile. (Dex +4, Str/Int -1)
                  | [potion of mutation]
 53592 | Zot:4    | Gained mutation: You have sharp toenails. [potion of
                  | mutation]
 53593 | Zot:4    | 53593 ||| DRINKING 6 potions of mutation.
 53593 | Zot:4    | Lost mutation: You are vulnerable to heat. (rF-) [potion of
                  | mutation]
 53593 | Zot:4    | Lost mutation: Your magical capacity is low. (-10% MP)
                  | [potion of mutation]
 53593 | Zot:4    | Lost mutation: You have sharp toenails. [potion of
                  | mutation]
 53593 | Zot:4    | Gained mutation: You are dopey. (Int -2) [potion of
                  | mutation]
 53593 | Zot:4    | Gained mutation: You have hidden genetic defects. [potion
                  | of mutation]
 53594 | Zot:4    | 53594 ||| Stepping ~*~*~tactically~*~*~ (stealth).
 53596 | Zot:4    | 53596 ||| DRINKING 5 potions of mutation.
 53596 | Zot:4    | Lost mutation: You are agile. (Dex +4, Str/Int -1) [potion
                  | of mutation]
 53596 | Zot:4    | Lost mutation: You have supernaturally acute eyesight.
                  | (SInv) [potion of mutation]
 53596 | Zot:4    | Lost mutation: You are dopey. (Int -2) [potion of mutation]
 53596 | Zot:4    | Gained mutation: You do not regenerate when monsters are
                  | visible. [potion of mutation]
 53596 | Zot:4    | Gained mutation: You have an increased reservoir of magic.
                  | (+10% MP) [potion of mutation]
 53597 | Zot:4    | 53597 ||| DRINKING 4 potions of mutation.
 53597 | Zot:4    | Lost mutation: You have an increased reservoir of magic.
                  | (+10% MP) [potion of mutation]
 53597 | Zot:4    | Lost mutation: You do not regenerate when monsters are
                  | visible. [potion of mutation]
 53597 | Zot:4    | Lost mutation: You have hidden genetic defects. [potion of
                  | mutation]
 53597 | Zot:4    | Gained mutation: You sometimes lose the ability to read
                  | scrolls when taking damage. [potion of mutation]
 53597 | Zot:4    | Gained mutation: You expend magic power (3 MP) to
                  | strengthen your wands. [potion of mutation]
 53597 | Zot:4    | Lost mutation: You sometimes lose the ability to read
                  | scrolls when taking damage. [potion of mutation]
 53597 | Zot:4    | Gained mutation: You are highly strong-willed. (Will++)
                  | [potion of mutation]
 53598 | Zot:4    | 53598 ||| DRINKING 3 potions of mutation.
 53598 | Zot:4    | Lost mutation: You occasionally lose the ability to read
                  | scrolls when taking damage. [potion of mutation]
 53598 | Zot:4    | Lost mutation: You expend magic power (3 MP) to strengthen
                  | your wands. [potion of mutation]
 53598 | Zot:4    | Lost mutation: You are highly strong-willed. (Will++)
                  | [potion of mutation]
 53598 | Zot:4    | Gained mutation: You occasionally shout uncontrollably at
                  | your foes. [potion of mutation]
 53744 | Zot:4    | 53744 ||| INVOKING Heroism.
 53751 | Zot:4    | 53751 ||| Stepping ~*~*~tactically~*~*~ (hiding).
 53780 | Zot:4    | Reached XP level 26. HP: 177/188 MP: 30/30
 53851 | Zot:4    | 53851 ||| Stepping ~*~*~tactically~*~*~ (hiding).
 53870 | Zot:4    | Received a gift from Okawaru
 53998 | Zot:4    | 53998 ||| READING scroll of enchant armour.
 53998 | Zot:4    | 53998 ||| ENCHANTING +4 gold dragon scales.
 54012 | Zot:4    | 54012 ||| Stepping ~*~*~tactically~*~*~ (hiding).
 54016 | Zot:4    | 54016 ||| Stepping ~*~*~tactically~*~*~ (hiding).
 54039 | Zot:4    | 54039 ||| INVOKING Heroism.
 54044 | Zot:4    | Reached skill level 15 in Throwing
 54211 | Zot:4    | 54211 ||| Stepping ~*~*~tactically~*~*~ (stealth).
 54212 | Zot:4    | 54212 ||| Stepping ~*~*~tactically~*~*~ (stealth).
 54213 | Zot:4    | 54213 ||| Stepping ~*~*~tactically~*~*~ (stealth).
 54241 | Zot:4    | 54241 ||| INVOKING Heroism.
 54353 | Zot:4    | Received a gift from Okawaru
 54527 | Zot:4    | 54527 ||| PLANNING SLIME:5
 54527 | Zot:4    | 54527 ||| UPGRADING to +2 pair of boots.
 54965 | Slime:1  | Entered Level 1 of the Pits of Slime
 55004 | Slime:1  | 55004 ||| INVOKING Heroism.
 55033 | Slime:1  | Received a gift from Okawaru
 55106 | Slime:1  | 55106 ||| DROPPING 61 boomerangs.
 55107 | Slime:1  | 55107 ||| DROPPING 15 boomerangs of dispersal.
 55108 | Slime:1  | 55108 ||| DROPPING 4 silver boomerangs.
 55122 | Slime:2  | 55122 ||| STAIRDANCE
 55129 | Slime:2  | 55129 ||| STAIRDANCE
 55135 | Slime:2  | 55135 ||| STAIRDANCE
 55143 | Slime:2  | 55143 ||| STAIRDANCE
 55158 | Slime:2  | 55158 ||| STAIRDANCE
 55183 | Slime:2  | Reached skill level 26 in Fighting
 55204 | Slime:3  | Received a gift from Okawaru
 55222 | Slime:3  | Gained mutation: Your magical capacity is low. (-10% MP) [a
                  | shining eye]
 55225 | Slime:3  | Gained mutation: You have sharp toenails. [a shining eye]
 55244 | Slime:5  | Entered Level 5 of the Pits of Slime
 55259 | Slime:5  | 55259 ||| DRINKING 4 potions of cancellation.
 55270 | Slime:5  | 55270 ||| INVOKING Heroism.
 55275 | Slime:5  | Received a gift from Okawaru
 55360 | Slime:5  | Noticed the Royal Jelly
 55364 | Slime:5  | Found a viscous altar of Jiyva.
 55366 | Slime:5  | 55366 ||| INVOKING Heroism.
 55379 | Slime:5  | 55379 ||| INVOKING Finesse.
 55395 | Slime:5  | Killed the Royal Jelly
 55396 | Slime:5  | Reached skill level 12 in Dodging
 55443 | Slime:5  | Received a gift from Okawaru
 55561 | Slime:5  | Identified the ring "Lituchih" {rElec Will+ Int+6 Stlth+}
 55563 | Slime:5  | Identified the staff of fire "Kaarpho" {rF+ Int+3}
 55588 | Slime:5  | Got a slimy rune of Zot
 55607 | Slime:5  | Identified the staff of fire "Sapuijea" {rElec rF+ Will-
                  | rCorr Int+4}
 55608 | Slime:5  | Identified the staff of poison "Duin" {+Blink rPois}
 55613 | Slime:5  | Identified the +0 scale mail of Okawaru's Hope {rElec rPois
                  | rC++ Int-3}
 55616 | Slime:5  | Identified the +4 chain mail of Zagosovu {rF- Dex+6}
 55638 | Slime:5  | Identified the ring "Goorutips" {Fly Str+4}
 55661 | Slime:5  | 55661 ||| INVOKING Heroism.
 55663 | Slime:5  | Paralysed by a floating eye for 3 turns
 55953 | Slime:5  | Received a gift from Okawaru
 56206 | Slime:5  | 56206 ||| PLANNING THE SHINING ONE WORSHIP
 56206 | Slime:5  | 56206 ||| DROPPING +2 cloak.
 56207 | Slime:5  | 56207 ||| DROPPING +0 chain mail of Purpose {rElec rPois
                  | rCorr}.
 56208 | Slime:5  | 56208 ||| DROPPING ring "Lituchih" {rElec Will+ Int+6
                  | Stlth+}.
 56209 | Slime:5  | 56209 ||| DROPPING ring "Goorutips" {Fly Str+4}.
 56210 | Slime:5  | 56210 ||| DROPPING ring of resist corrosion.
 56211 | Slime:5  | 56211 ||| DROPPING ring of Biliwn {rC- rN+ Will+ rCorr
                  | Str+2}.
 56493 | D:6      | Fell from the grace of Okawaru
 56493 | D:6      | Became a worshipper of the Shining One
 56493 | D:6      | 56493 ||| PLANNING CRYPT
 56776 | Crypt:1  | Entered Level 1 of the Crypt
 56786 | Crypt:1  | Was placed under penance by the Shining One
 56790 | Crypt:1  | Fell from the grace of the Shining One
 56812 | Crypt:1  | 56812 ||| Stepping ~*~*~tactically~*~*~ (stealth).
 56869 | Crypt:1  | 56869 ||| PLANNING OKAWARU WORSHIP
 56869 | Crypt:1  | 56869 ||| DROPPING 3 potions of magic.
 57250 | Temple   | Became a worshipper of Warmaster Okawaru
 57250 | Temple   | 57250 ||| PLANNING CRYPT
 57695 | Crypt:1  | 57695 ||| Stepping ~*~*~tactically~*~*~ (stealth).
 57697 | Crypt:1  | 57697 ||| Stepping ~*~*~tactically~*~*~ (stealth).
 57698 | Crypt:1  | 57698 ||| Stepping ~*~*~tactically~*~*~ (stealth).
 57699 | Crypt:1  | 57699 ||| Stepping ~*~*~tactically~*~*~ (stealth).
 57700 | Crypt:1  | 57700 ||| Stepping ~*~*~tactically~*~*~ (stealth).
 57704 | Crypt:1  | 57704 ||| Stepping ~*~*~tactically~*~*~ (hiding).
 57830 | Crypt:1  | 57830 ||| FLEEEEING.
 57959 | Crypt:1  | 57959 ||| FLEEEEING.
 57960 | Crypt:1  | 57960 ||| FLEEEEING.
 57961 | Crypt:1  | 57961 ||| FLEEEEING.
 57962 | Crypt:1  | 57962 ||| FLEEEEING.
 58043 | Crypt:1  | Found a hide-covered altar of Uskayaw.
 58537 | Crypt:2  | 58537 ||| INVOKING Heroism.
 58551 | Crypt:2  | Reached XP level 27. HP: 128/193 MP: 28/28
 58589 | Crypt:2  | 58589 ||| INVOKING Heroism.
 58592 | Crypt:2  | Reached skill level 27 in Fighting
 58645 | Crypt:2  | 58645 ||| INVOKING Heroism.
 58710 | Crypt:2  | 58710 ||| INVOKING Heroism.
 58882 | Crypt:2  | 58882 ||| Stepping ~*~*~tactically~*~*~ (hiding).
 58893 | Crypt:2  | 58893 ||| INVOKING Heroism.
 58915 | Crypt:2  | 58915 ||| Stepping ~*~*~tactically~*~*~ (stealth).
 58918 | Crypt:2  | 58918 ||| Stepping ~*~*~tactically~*~*~ (stealth).
 58922 | Crypt:2  | 58922 ||| Stepping ~*~*~tactically~*~*~ (stealth).
 58923 | Crypt:2  | 58923 ||| Stepping ~*~*~tactically~*~*~ (stealth).
 58924 | Crypt:2  | 58924 ||| Stepping ~*~*~tactically~*~*~ (stealth).
 58927 | Crypt:2  | 58927 ||| Stepping ~*~*~tactically~*~*~ (stealth).
 58952 | Crypt:2  | 58952 ||| Stepping ~*~*~tactically~*~*~ (stealth).
 58983 | Crypt:2  | 58983 ||| READING 2 scrolls of enchant armour.
 58983 | Crypt:2  | 58983 ||| ENCHANTING +5 gold dragon scales.
 58984 | Crypt:2  | 58984 ||| READING scroll of enchant armour.
 58984 | Crypt:2  | 58984 ||| ENCHANTING +6 gold dragon scales.
 59225 | Crypt:2  | 59225 ||| INVOKING Heroism.
 59239 | Crypt:2  | 59239 ||| Stepping ~*~*~tactically~*~*~ (stealth).
 59468 | Crypt:3  | Entered Level 3 of the Crypt
 59469 | Crypt:3  | 59469 ||| STAIRDANCE
 59573 | Crypt:3  | 59573 ||| Stepping ~*~*~tactically~*~*~ (hiding).
 59575 | Crypt:3  | 59575 ||| Stepping ~*~*~tactically~*~*~ (hiding).
 59603 | Crypt:3  | 59603 ||| INVOKING Heroism.
 59678 | Crypt:3  | 59678 ||| FLEEEEING.
 59679 | Crypt:3  | 59679 ||| FLEEEEING.
 59681 | Crypt:3  | 59681 ||| STAIRDANCE
 59789 | Crypt:3  | 59789 ||| INVOKING Heroism.
 59814 | Crypt:3  | 59814 ||| FLEEEEING.
 59815 | Crypt:3  | 59815 ||| STAIRDANCE
 60008 | Crypt:3  | 60008 ||| Stepping ~*~*~tactically~*~*~ (hiding).
 60081 | Crypt:3  | 60081 ||| Stepping ~*~*~tactically~*~*~ (stealth).
 60083 | Crypt:3  | 60083 ||| Stepping ~*~*~tactically~*~*~ (stealth).
 60084 | Crypt:3  | 60084 ||| Stepping ~*~*~tactically~*~*~ (stealth).
 60085 | Crypt:3  | 60085 ||| Stepping ~*~*~tactically~*~*~ (stealth).
 60129 | Crypt:3  | 60129 ||| INVOKING Heroism.
 60134 | Crypt:3  | 60134 ||| Stepping ~*~*~tactically~*~*~ (hiding).
 60162 | Crypt:3  | 60162 ||| Stepping ~*~*~tactically~*~*~ (stealth).
 60175 | Crypt:3  | 60175 ||| Stepping ~*~*~tactically~*~*~ (stealth).
 60176 | Crypt:3  | 60176 ||| Stepping ~*~*~tactically~*~*~ (stealth).
 60261 | Crypt:3  | 60261 ||| Stepping ~*~*~tactically~*~*~ (hiding).
 60263 | Crypt:3  | 60263 ||| Stepping ~*~*~tactically~*~*~ (hiding).
 60264 | Crypt:3  | 60264 ||| Stepping ~*~*~tactically~*~*~ (hiding).
 60362 | Crypt:3  | Identified the ring "Ixoc" {rC+ rN+ Stlth+}
 60397 | Crypt:3  | 60397 ||| Stepping ~*~*~tactically~*~*~ (stealth).
 60506 | Crypt:3  | 60506 ||| Stepping ~*~*~tactically~*~*~ (hiding).
 60507 | Crypt:3  | 60507 ||| Stepping ~*~*~tactically~*~*~ (hiding).
 60535 | Crypt:3  | 60535 ||| FLEEEEING.
 60536 | Crypt:3  | 60536 ||| FLEEEEING.
 60537 | Crypt:3  | 60537 ||| FLEEEEING.
 60538 | Crypt:3  | 60538 ||| FLEEEEING.
 60539 | Crypt:3  | 60539 ||| FLEEEEING.
 60540 | Crypt:3  | 60540 ||| FLEEEEING.
 60541 | Crypt:3  | 60541 ||| FLEEEEING.
 60542 | Crypt:3  | 60542 ||| FLEEEEING.
 60543 | Crypt:3  | 60543 ||| FLEEEEING.
 60544 | Crypt:3  | 60544 ||| FLEEEEING.
 60546 | Crypt:3  | 60546 ||| FLEEEEING.
 60547 | Crypt:3  | 60547 ||| FLEEEEING.
 60548 | Crypt:3  | 60548 ||| FLEEEEING.
 60549 | Crypt:3  | 60549 ||| FLEEEEING.
 60550 | Crypt:3  | 60550 ||| FLEEEEING.
 60551 | Crypt:3  | 60551 ||| FLEEEEING.
 60552 | Crypt:3  | 60552 ||| FLEEEEING.
 60553 | Crypt:3  | 60553 ||| FLEEEEING.
 60554 | Crypt:3  | 60554 ||| FLEEEEING.
 60560 | Crypt:3  | 60560 ||| FLEEEEING.
 60561 | Crypt:3  | 60561 ||| FLEEEEING.
 60643 | Crypt:3  | 60643 ||| Stepping ~*~*~tactically~*~*~ (stealth).
 60691 | Crypt:3  | 60691 ||| Stepping ~*~*~tactically~*~*~ (stealth).
 60693 | Crypt:3  | 60693 ||| Stepping ~*~*~tactically~*~*~ (hiding).
 60695 | Crypt:3  | 60695 ||| Stepping ~*~*~tactically~*~*~ (hiding).
 60701 | Crypt:3  | Received a gift from Okawaru
 60704 | Crypt:3  | 60704 ||| INVOKING Heroism.
 60905 | Crypt:3  | Found a staircase to the Tomb.
 61098 | Crypt:3  | Identified the ring of Creativity {rN+ Str+3}
 61099 | Crypt:3  | 61099 ||| Stepping ~*~*~tactically~*~*~ (hiding).
 61102 | Crypt:3  | 61102 ||| Stepping ~*~*~tactically~*~*~ (hiding).
 61103 | Crypt:3  | 61103 ||| Stepping ~*~*~tactically~*~*~ (hiding).
 61104 | Crypt:3  | 61104 ||| Stepping ~*~*~tactically~*~*~ (hiding).
 61126 | Crypt:3  | 61126 ||| Stepping ~*~*~tactically~*~*~ (hiding).
 61127 | Crypt:3  | 61127 ||| INVOKING Heroism.
 61151 | Crypt:3  | 61151 ||| Stepping ~*~*~tactically~*~*~ (hiding).
 61205 | Crypt:3  | 61205 ||| Stepping ~*~*~tactically~*~*~ (hiding).
 61217 | Crypt:3  | 61217 ||| INVOKING Heroism.
 61318 | Crypt:3  | Found an ancient bone altar of Kikubaaqudgha.
 61320 | Crypt:3  | Found a basalt altar of Yredelemnul.
 61350 | Crypt:3  | Identified the staff of earth "Vor Ick" {rPois}
 61393 | Crypt:3  | 61393 ||| Stepping ~*~*~tactically~*~*~ (stealth).
 61462 | Crypt:3  | 61462 ||| Stepping ~*~*~tactically~*~*~ (stealth).
 61508 | Crypt:3  | 61508 ||| PLANNING TOMB
 61508 | Crypt:3  | 61508 ||| DROPPING ring of protection from cold.
 61581 | Tomb:1   | Entered Level 1 of the Tomb of the Ancients
 61693 | Tomb:1   | 61693 ||| INVOKING Heroism.
 61940 | Tomb:1   | 61940 ||| INVOKING Heroism.
 62037 | Tomb:1   | Noticed a royal mummy
 62038 | Tomb:1   | 62038 ||| INVOKING Heroism.
 62056 | Tomb:1   | Killed a royal mummy
 62068 | Tomb:1   | Noticed a royal mummy
 62070 | Tomb:1   | HP: 43/198 [??? (11)]
 62071 | Tomb:1   | 62071 ||| READING 30 scrolls of teleportation.
 62072 | Tomb:1   | 62072 ||| DRINKING 22 potions of heal wounds.
 62403 | Tomb:1   | 62403 ||| FLEEEEING.
 62404 | Tomb:1   | 62404 ||| FLEEEEING.
 62405 | Tomb:1   | 62405 ||| FLEEEEING.
 62406 | Tomb:1   | 62406 ||| FLEEEEING.
 62412 | Tomb:1   | 62412 ||| FLEEEEING.
 62413 | Tomb:1   | 62413 ||| FLEEEEING.
 62414 | Tomb:1   | 62414 ||| FLEEEEING.
 62415 | Tomb:1   | 62415 ||| FLEEEEING.
 62416 | Tomb:1   | 62416 ||| INVOKING Heroism.
 62430 | Tomb:1   | Killed a royal mummy
 62439 | Tomb:1   | 62439 ||| FLEEEEING.
 62440 | Tomb:1   | 62440 ||| FLEEEEING.
 62441 | Tomb:1   | 62441 ||| FLEEEEING.
 62442 | Tomb:1   | 62442 ||| FLEEEEING.
 62443 | Tomb:1   | 62443 ||| FLEEEEING.
 62444 | Tomb:1   | 62444 ||| FLEEEEING.
 62445 | Tomb:1   | 62445 ||| FLEEEEING.
 62446 | Tomb:1   | 62446 ||| FLEEEEING.
 62447 | Tomb:1   | 62447 ||| FLEEEEING.
 62448 | Tomb:1   | 62448 ||| FLEEEEING.
 62449 | Tomb:1   | 62449 ||| FLEEEEING.
 62450 | Tomb:1   | 62450 ||| FLEEEEING.
 62451 | Tomb:1   | 62451 ||| FLEEEEING.
 62452 | Tomb:1   | 62452 ||| FLEEEEING.
 62453 | Tomb:1   | 62453 ||| FLEEEEING.
 62454 | Tomb:1   | 62454 ||| FLEEEEING.
 62455 | Tomb:1   | 62455 ||| FLEEEEING.
 62456 | Tomb:1   | 62456 ||| FLEEEEING.
 62457 | Tomb:1   | 62457 ||| FLEEEEING.
 62458 | Tomb:1   | 62458 ||| FLEEEEING.
 62586 | Tomb:1   | 62586 ||| FLEEEEING.
 62869 | Tomb:1   | 62869 ||| INVOKING Heroism.
 62889 | Tomb:1   | 62889 ||| INVOKING Heroism.
 62896 | Tomb:1   | 62896 ||| FLEEEEING.
 62897 | Tomb:1   | 62897 ||| FLEEEEING.
 62898 | Tomb:1   | 62898 ||| FLEEEEING.
 62899 | Tomb:1   | 62899 ||| FLEEEEING.
 62900 | Tomb:1   | 62900 ||| FLEEEEING.
 62901 | Tomb:1   | 62901 ||| FLEEEEING.
 62902 | Tomb:1   | 62902 ||| FLEEEEING.
 62903 | Tomb:1   | 62903 ||| FLEEEEING.
 62904 | Tomb:1   | 62904 ||| FLEEEEING.
 62905 | Tomb:1   | 62905 ||| FLEEEEING.
 62906 | Tomb:1   | 62906 ||| FLEEEEING.
 62907 | Tomb:1   | 62907 ||| FLEEEEING.
 62908 | Tomb:1   | 62908 ||| FLEEEEING.
 62909 | Tomb:1   | 62909 ||| FLEEEEING.
 62910 | Tomb:1   | 62910 ||| FLEEEEING.
 62922 | Tomb:1   | 62922 ||| FLEEEEING.
 62940 | Tomb:1   | 62940 ||| FLEEEEING.
 62941 | Tomb:1   | 62941 ||| FLEEEEING.
 62942 | Tomb:1   | 62942 ||| FLEEEEING.
 62943 | Tomb:1   | 62943 ||| FLEEEEING.
 62944 | Tomb:1   | 62944 ||| FLEEEEING.
 62945 | Tomb:1   | 62945 ||| FLEEEEING.
 62946 | Tomb:1   | 62946 ||| FLEEEEING.
 62947 | Tomb:1   | 62947 ||| FLEEEEING.
 62948 | Tomb:1   | 62948 ||| FLEEEEING.
 62949 | Tomb:1   | 62949 ||| FLEEEEING.
 62950 | Tomb:1   | 62950 ||| FLEEEEING.
 62951 | Tomb:1   | 62951 ||| FLEEEEING.
 62952 | Tomb:1   | 62952 ||| FLEEEEING.
 62953 | Tomb:1   | 62953 ||| FLEEEEING.
 62954 | Tomb:1   | 62954 ||| FLEEEEING.
 62955 | Tomb:1   | 62955 ||| FLEEEEING.
 62956 | Tomb:1   | 62956 ||| FLEEEEING.
 62957 | Tomb:1   | 62957 ||| FLEEEEING.
 62958 | Tomb:1   | 62958 ||| FLEEEEING.
 62959 | Tomb:1   | 62959 ||| FLEEEEING.
 62960 | Tomb:1   | 62960 ||| FLEEEEING.
 62961 | Tomb:1   | 62961 ||| FLEEEEING.
 62962 | Tomb:1   | 62962 ||| FLEEEEING.
 62975 | Tomb:1   | 62975 ||| FLEEEEING.
 62976 | Tomb:1   | 62976 ||| FLEEEEING.
 62977 | Tomb:1   | 62977 ||| FLEEEEING.
 62990 | Tomb:1   | 62990 ||| FLEEEEING.
 62991 | Tomb:1   | 62991 ||| FLEEEEING.
 62992 | Tomb:1   | 62992 ||| FLEEEEING.
 63005 | Tomb:1   | 63005 ||| FLEEEEING.
 63006 | Tomb:1   | 63006 ||| FLEEEEING.
 63007 | Tomb:1   | 63007 ||| FLEEEEING.
 63020 | Tomb:1   | 63020 ||| FLEEEEING.
 63021 | Tomb:1   | 63021 ||| FLEEEEING.
 63022 | Tomb:1   | 63022 ||| FLEEEEING.
 63035 | Tomb:1   | 63035 ||| FLEEEEING.
 63036 | Tomb:1   | 63036 ||| FLEEEEING.
 63037 | Tomb:1   | 63037 ||| FLEEEEING.
 63043 | Tomb:1   | 63043 ||| STAIRDANCE
 63245 | Tomb:1   | 63245 ||| INVOKING Heroism.
 63246 | Tomb:1   | Noticed a royal mummy
 63246 | Tomb:1   | Noticed a royal mummy
 63258 | Tomb:1   | Killed a royal mummy
 63259 | Tomb:1   | Received a gift from Okawaru
 63260 | Tomb:1   | Killed a royal mummy
 63453 | Tomb:1   | Gained mutation: You are weak. (Str -2) [mutagenic glow]
 63470 | Tomb:1   | Gained mutation: You are dopey. (Int -2) [mutagenic glow]
 63480 | Tomb:1   | Gained mutation: You are frail. (-10% HP) [mutagenic glow]
 63491 | Tomb:1   | 63491 ||| INVOKING Heroism.
 63504 | Tomb:1   | Gained mutation: Your body sometimes deteriorates upon
                  | taking damage. [mutagenic glow]
 63615 | Tomb:1   | 63615 ||| DRINKING 4 potions of mutation.
 63615 | Tomb:1   | Lost mutation: You are strong-willed. (Will+) [potion of
                  | mutation]
 63615 | Tomb:1   | Lost mutation: You are weak. (Str -2) [potion of mutation]
 63615 | Tomb:1   | Gained mutation: Potions are less effective at restoring
                  | your health. [potion of mutation]
 63615 | Tomb:1   | Gained mutation: Your spells are a little harder to cast,
                  | but a little more powerful. [potion of mutation]
 63615 | Tomb:1   | Gained mutation: Armour fits poorly on your strangely
                  | shaped body. [potion of mutation]
 63616 | Tomb:1   | 63616 ||| DRINKING 3 potions of mutation.
 63616 | Tomb:1   | Lost mutation: You occasionally shout uncontrollably at
                  | your foes. [potion of mutation]
 63616 | Tomb:1   | Lost mutation: Potions are less effective at restoring your
                  | health. [potion of mutation]
 63616 | Tomb:1   | Lost mutation: You are dopey. (Int -2) [potion of mutation]
 63616 | Tomb:1   | Gained mutation: Your mind is acute. (Int +4, Str/Dex -1)
                  | [potion of mutation]
 63616 | Tomb:1   | Gained mutation: Your flesh is heat resistant. (rF+)
                  | [potion of mutation]
 63617 | Tomb:1   | 63617 ||| DRINKING 2 potions of mutation.
 63617 | Tomb:1   | Lost mutation: You are frail. (-10% HP) [potion of
                  | mutation]
 63617 | Tomb:1   | Lost mutation: Your magical capacity is low. (-10% MP)
                  | [potion of mutation]
 63617 | Tomb:1   | Gained mutation: You passively dampen the noise of your
                  | surroundings. [potion of mutation]
 63655 | Tomb:1   | 63655 ||| DRINKING potion of mutation.
 63655 | Tomb:1   | Lost mutation: Your mind is acute. (Int +4, Str/Dex -1)
                  | [potion of mutation]
 63655 | Tomb:1   | Lost mutation: You passively dampen the noise of your
                  | surroundings. [potion of mutation]
 63655 | Tomb:1   | Gained mutation: You occasionally lose the ability to read
                  | scrolls when taking damage. [potion of mutation]
 63655 | Tomb:1   | Gained mutation: You have hidden genetic potential. [potion
                  | of mutation]
 63754 | Tomb:1   | 63754 ||| INVOKING Heroism.
 63793 | Tomb:1   | 63793 ||| Stepping ~*~*~tactically~*~*~ (stealth).
 63794 | Tomb:1   | 63794 ||| Stepping ~*~*~tactically~*~*~ (stealth).
 63999 | Tomb:2   | 63999 ||| DRINKING 6 potions of haste.
 64000 | Tomb:2   | 64000 ||| DRINKING 9 potions of attraction.
 64001 | Tomb:2   | 64001 ||| INVOKING Heroism.
 64001 | Tomb:2   | Noticed a royal mummy
 64001 | Tomb:2   | Noticed a royal mummy
 64003 | Tomb:2   | Noticed a royal mummy
 64005 | Tomb:2   | Noticed a royal mummy
 64014 | Tomb:2   | HP: 49/199 [mummy priest/divine providence (15)]
 64015 | Tomb:2   | 64015 ||| READING 30 scrolls of teleportation.
 64016 | Tomb:2   | 64016 ||| DRINKING 21 potions of heal wounds.
 64019 | Tomb:2   | Killed a royal mummy
 64019 | Tomb:2   | HP: 47/199 [torment (13)]
 64020 | Tomb:2   | 64020 ||| DRINKING 20 potions of heal wounds.
 64038 | Tomb:2   | Killed a royal mummy
 64038 | Tomb:2   | HP: 48/199 [torment (13)]
 64039 | Tomb:2   | 64039 ||| READING 29 scrolls of teleportation.
 64040 | Tomb:2   | 64040 ||| DRINKING 19 potions of heal wounds.
 64043 | Tomb:2   | HP: 47/199 [??? (13)]
 64044 | Tomb:2   | 64044 ||| DRINKING 18 potions of heal wounds.
 64051 | Tomb:2   | HP: 47/199 [torment (13)]
 64052 | Tomb:2   | Reached skill level 15 in Dodging
 64362 | Tomb:2   | 64362 ||| Stepping ~*~*~tactically~*~*~ (hiding).
 64363 | Tomb:2   | 64363 ||| Stepping ~*~*~tactically~*~*~ (hiding).
 64364 | Tomb:2   | Received a gift from Okawaru
 64365 | Tomb:2   | 64365 ||| Stepping ~*~*~tactically~*~*~ (hiding).
 64366 | Tomb:2   | 64366 ||| Stepping ~*~*~tactically~*~*~ (hiding).
 64367 | Tomb:2   | 64367 ||| Stepping ~*~*~tactically~*~*~ (hiding).
 64370 | Tomb:2   | 64370 ||| INVOKING Heroism.
 64404 | Tomb:2   | 64404 ||| Stepping ~*~*~tactically~*~*~ (hiding).
 64414 | Tomb:2   | 64414 ||| Stepping ~*~*~tactically~*~*~ (hiding).
 64427 | Tomb:2   | 64427 ||| INVOKING Heroism.
 64460 | Tomb:2   | HP: 48/199 [royal mummy/+0 dire flail (12)]
 64461 | Tomb:2   | 64461 ||| READING 28 scrolls of teleportation.
 64462 | Tomb:2   | 64462 ||| DRINKING 17 potions of heal wounds.
 64463 | Tomb:2   | 64463 ||| READING 27 scrolls of teleportation.
 64464 | Tomb:2   | 64464 ||| DRINKING 16 potions of heal wounds.
 64465 | Tomb:2   | 64465 ||| DRINKING 15 potions of heal wounds.
 64478 | Tomb:2   | HP: 45/199 [mummy priest/divine providence (10)]
 64479 | Tomb:2   | 64479 ||| READING 26 scrolls of teleportation.
 64480 | Tomb:2   | 64480 ||| DRINKING 14 potions of heal wounds.
 64482 | Tomb:2   | 64482 ||| DRINKING 13 potions of heal wounds.
 64502 | Tomb:2   | HP: 43/199 [emperor scorpion[a royal mummy] (15)]
 64503 | Tomb:2   | 64503 ||| READING 25 scrolls of teleportation.
 64504 | Tomb:2   | 64504 ||| DRINKING 12 potions of heal wounds.
 64505 | Tomb:2   | 64505 ||| INVOKING Heroism.
 64510 | Tomb:2   | HP: 44/199 [royal mummy/divine providence (14)]
 64511 | Tomb:2   | 64511 ||| READING 24 scrolls of teleportation.
 64512 | Tomb:2   | 64512 ||| DRINKING 11 potions of heal wounds.
 64535 | Tomb:2   | 64535 ||| INVOKING Heroism.
 64571 | Tomb:2   | 64571 ||| Stepping ~*~*~tactically~*~*~ (stealth).
 64646 | Tomb:2   | 64646 ||| INVOKING Heroism.
 64675 | Tomb:2   | 64675 ||| Stepping ~*~*~tactically~*~*~ (stealth).
 64681 | Tomb:2   | 64681 ||| Stepping ~*~*~tactically~*~*~ (stealth).
 64684 | Tomb:2   | 64684 ||| Stepping ~*~*~tactically~*~*~ (stealth).
 64841 | Tomb:2   | 64841 ||| INVOKING Heroism.
 64964 | Tomb:2   | 64964 ||| Stepping ~*~*~tactically~*~*~ (hiding).
 65038 | Tomb:2   | 65038 ||| Stepping ~*~*~tactically~*~*~ (stealth).
 65042 | Tomb:2   | 65042 ||| Stepping ~*~*~tactically~*~*~ (hiding).
 65046 | Tomb:2   | 65046 ||| Stepping ~*~*~tactically~*~*~ (hiding).
 65062 | Tomb:2   | 65062 ||| INVOKING Heroism.
 65103 | Tomb:2   | 65103 ||| Stepping ~*~*~tactically~*~*~ (hiding).
 65104 | Tomb:2   | 65104 ||| Stepping ~*~*~tactically~*~*~ (hiding).
 65105 | Tomb:2   | 65105 ||| Stepping ~*~*~tactically~*~*~ (stealth).
 65107 | Tomb:2   | 65107 ||| Stepping ~*~*~tactically~*~*~ (stealth).
 65142 | Tomb:3   | Entered Level 3 of the Tomb of the Ancients
 65143 | Tomb:3   | 65143 ||| DRINKING 5 potions of haste.
 65144 | Tomb:3   | 65144 ||| DRINKING 8 potions of attraction.
 65158 | Tomb:3   | Received a gift from Okawaru
 65174 | Tomb:3   | Noticed a royal mummy
 65175 | Tomb:3   | 65175 ||| INVOKING Heroism.
 65176 | Tomb:3   | Received a gift from Okawaru
 65181 | Tomb:3   | Noticed a royal mummy
 65185 | Tomb:3   | Noticed a royal mummy
 65192 | Tomb:3   | Noticed a royal mummy
 65196 | Tomb:3   | HP: 45/198 [royal mummy/divine providence (9)]
 65197 | Tomb:3   | 65197 ||| READING 23 scrolls of teleportation.
 65198 | Tomb:3   | 65198 ||| DRINKING 10 potions of heal wounds.
 65200 | Tomb:3   | 65200 ||| DRINKING 9 potions of heal wounds.
 65200 | Tomb:3   | Noticed Boris
 65205 | Tomb:3   | HP: 37/199 [Boris/bolt of cold (17)]
 65206 | Tomb:3   | 65206 ||| READING 22 scrolls of teleportation.
 65207 | Tomb:3   | 65207 ||| DRINKING 8 potions of heal wounds.
 65214 | Tomb:3   | HP: 43/199 [death scarab (12)]
 65215 | Tomb:3   | 65215 ||| READING 21 scrolls of teleportation.
 65216 | Tomb:3   | 65216 ||| DRINKING 7 potions of heal wounds.
 65220 | Tomb:3   | HP: 43/199 [??? (11)]
 65221 | Tomb:3   | 65221 ||| READING 20 scrolls of teleportation.
 65222 | Tomb:3   | 65222 ||| DRINKING 6 potions of heal wounds.
 65223 | Tomb:3   | Found the +8 trishula "Condemnation" {holy, anguish, *Noise
                  | Fly rN+}
 65226 | Tomb:3   | HP: 40/199 [something (11)]
 65227 | Tomb:3   | 65227 ||| READING 19 scrolls of teleportation.
 65228 | Tomb:3   | 65228 ||| DRINKING 5 potions of heal wounds.
 65229 | Tomb:3   | 65229 ||| DRINKING 4 potions of heal wounds.
 65229 | Tomb:3   | Killed from afar by Boris

Levels and vault maps discovered:
D:1:      lightli_arrival_chessboard, layout_rooms
D:2:      layout_basic, shapermc_ecumenical_altar_mp_urbaneastern
D:3:      layout_rooms, gup_sewer_entry_glass, serial_shops,
          nicolae_shop_tiny_statue_garden, shop, nicolae_shop_real_fake_doors,
          shop, kennysheep_generic_room_7
D:4:      layout_loops_ring, dk_yredelemnul_ordeal, overflow_temple_1_default,
          minmay_cut_off
D:5:      layout_loops_ring, minmay_temple_entry_trees,
          ebering_ghost_rock_garden, serial_bayou, serial_bayou_pond_c,
          serial_bayou_ford_a, serial_bayou_lake_a, serial_bayou_shore_b,
          grunt_ministairs_8, st_stairs_8, uniq_pikel, uniq_ijyb,
          uniq_blork_the_orc, uniq_duvessa
D:6:      layout_basic, mainiacjoe_overflow_surrounded_room,
          nicolae_eternal_life
D:7:      layout_cave_pools, serial_shops, nicolae_shop_crystal,
          nicolae_ossuary_entry_giza
D:8:      layout_rooms, mainiacjoe_overflow_cross_hatched, serial_shops,
          nicolae_shop_hallway_stairs, uniq_maggie, uniq_maurice, uniq_joseph,
          uniq_prince_ribbit1
D:9:      layout_loops_ring
D:10:     gammafunk_wand_slinger, layout_loops_ring
D:11:     minmay_spotlight, layout_loops_corners, lair_entry_dummy,
          kennysheep_orc_monster_closet_entryway
D:12:     layout_cave_pods, uniq_nergalle, uniq_lodul
D:13:     layout_long_grid, kennysheep_small_circle, uniq_josephine
D:14:     layout_long_grid, grunt_vaults_entry_tiered, serial_bayou_shore_b,
          nicolae_concentric_dashed_squares_wild
D:15:     gammafunk_enter_depths_forms, layout_long_grid,
          nicolae_uskayaw_dance_hall, kennysheep_crisscross
Temple:   nicolae_temple_panitentiary
Lair:1:   layout_roguey, grunt_megastairs_4, lemuel_fruit_tree,
          serial_bayou_shore_b, infiniplex_staircase_pool_2,
          lemuel_fruit_fields, uniq_sonja
Lair:2:   nzn_winding_woodlands_medium [nzn_winding_woodlands_5x5_perimeter,
          nzn_winding_woodlands_5x15_crooked,
          nzn_winding_woodlands_5x5_closed_star,
          nzn_winding_woodlands_5x5_open_star,
          nzn_winding_woodlands_center_garden, nzn_winding_woodlands_hourglass,
          nzn_winding_woodlands_5x5_cross, nzn_winding_woodlands_5x15_cabin,
          nzn_winding_woodlands_5x5_default], layout_gridlike,
          nicolae_snake_entry_warm_welcome, gauntlet_entry_generic,
          minmay_lair_oklob_bushes, beast_lair_carwin_8
Lair:3:   layout_misc_corridors, nicolae_shoals_entry_roost,
          columned_hall_lemuel
Lair:4:   layout_cave_pods, slime_entry_1, st_stairs_6,
          infiniplex_staircase_pool
Lair:5:   evil_forest, layout_gridlike, eino_house_with_fridge, uniq_rupert,
          uniq_nessos, uniq_urug
Shoals:1: nicolae_shoals_island_circles, layout_shoals, st_sunken_temple
Shoals:2: layout_shoals, nicolae_shop_firing_range
Shoals:3: layout_shoals
Shoals:4: shoals_end_simple, layout_shoals, serial_shops, shop
Snake:1:  layout_layer_cave, nicolae_triple_integral, minmay_shoptagon
Snake:2:  layout_grid_maze, grunt_megastairs_2
Snake:3:  layout_cave_shapes, nicolae_integral_box, uniq_donald
Snake:4:  grunt_snake_rune_pools, layout_misc_corridors, abandoned_shop
Slime:1:  layout_caves, cheibrodos_slime_lost_civilization_5
Slime:2:  layout_caves
Slime:3:  layout_caves
Slime:4:  layout_caves, basic_altar
Slime:5
Orc:1:    layout_caves
Orc:2:    st_orc_town, layout_caves
Vaults:1: v_misc_29, nicolae_vaults_little_squares_2,
          nicolae_vaults_shipping_containers_5, vaults_room_mumra_shop_pool,
          nicolae_vaults_double_plus_3, grunt_vaults_funnel,
          nicolae_vaults_storage_closets_1, nicolae_vaults_asterisk,
          ontoclasm_vaults_shuriken, nicolae_vaults_tangram_1,
          nicolae_vaults_tetromino_T_1, layout_vaults_chaotic_city,
          serial_shops, bzr_entry_islet
Vaults:2: mu_enter_wizlab_5, v_pattern_3, ontoclasm_vaults_twist,
          vaults_dpeg_cross, st_lines, vaults_room_fancy_cross, v_misc_29,
          nicolae_vaults_shrinking_rooms_1, hangedman_vaults_corner_blocks,
          ontoclasm_vaults_bender, vaults_room_door_hall, layout_vaults_omnibox
Vaults:3: minmay_crypt_entry_simple_sparse, ontoclasm_vaults_ligature,
          nicolae_vaults_tangram_1, nicolae_vaults_twisting_passages,
          nicolae_vaults_back_hallway, vaults_mumra_minichess_inversion,
          nicolae_vaults_more_shelving_2, v_misc_4, dpeg_vaults_monster_row,
          v_misc_11, nicolae_vaults_shipping_containers_7,
          nicolae_vaults_shelves_hall, nicolae_vaults_tetromino_Z_1,
          ontoclasm_vaults_ring_square, v_misc_22, layout_vaults_maze_snakey
Vaults:4: v_misc_33, nicolae_vaults_asterisk, hangedman_vaults_snaps,
          vaults_dpeg_doors, nicolae_vaults_big_ls, nicolae_vaults_asterisk,
          nicolae_vaults_variable_pillar_hall_cross, v_misc_26,
          nicolae_vaults_diamond_1, nicolae_vaults_storage_closets_2,
          nicolae_vaults_diamond_1, nicolae_vaults_apartment_1,
          layout_vaults_big_cross
Vaults:5
Crypt:1:  layout_misc_corridors, nicolae_danse_macabre,
          grunt_crypt_arrival_webbed, grunt_megastairs_3
Crypt:2:  layout_rooms
Crypt:3:  lightli_unholy_cathedral, layout_chaotic_city,
          tomb_entry_sphere_bobbens
Tomb:1
Tomb:2
Tomb:3:   uniq_boris
Depths:1: layout_basic, minmay_misc_feat_cross, hangedman_coc_ice_floe,
          st_stairs_5, nicolae_shop_unique_rings, drop_trap,
          amcnicky_mini_rare_corridor_liquid, minmay_mirror_moons_of_madness,
          firewood_loft
Depths:2: giant_chief_lemuel, layout_gridlike, enter_ziggurat_a, serial_glass,
          glass_columns_c, glass_columns_b, glass_columns_a, glass_columns_a,
          grunt_pan_entry_spiral, pf_hell_entry_tar_spiral,
          abyss_entry_glasseish
Depths:3: minmay_outward_triangles, layout_gridville, serial_shops, shop,
          marbit_kobold_abyss_entry, solitary_fountain, hell_entry,
          infiniplex_staircase_zigzag_4, minmay_shop_star
Depths:4: evilmike_zot_entry_castle, layout_cave_shapes,
          grunt_hell_entry_dis_old, abyss_entry_small_statue_room,
          serial_bayou_shore_b
Zot:1:    grunt_deathspiral_small, layout_concentric_octagons
Zot:2:    layout_basic, hangedman_zot_decor_unnerving_road,
          serial_nicolae_subway, nicolae_sub_station_stone,
          nicolae_sub_station_metal, nicolae_sub_station_crystal
Zot:3:    layout_twisted_circle
Zot:4:    dreamdust_black_sun_cult, layout_gridlike, uniq_josephina

Skill      XL: |  1  2  3  4  5  6  7  8  9 10 11 12 13 14 15 16 17 18 19 20 21 22 23 24 25 26 27 |
---------------+----------------------------------------------------------------------------------+-----
Axes           | 2 3 4 5 6 7 8 10 11 12 13 15 17 18 19 | 19.1
Fighting       | 4 6 7 9 10 11 12 13 15 17 19 20 22 23 25 26 27 | 27.0
Dodging        | 1 2 3 4 5 6 7 10 11 12 15 | 15.6
Invocations    | 3 4 8 10 11 | 11.6
Armour         | 5 6 8 9 10 11 13 14 15 16 17 18 19 21 22 | 22.1
Shields        | 4 5 6 7 8 9 15 16 17 21 22 | 22.0
Throwing       | 1 6 7 9 10 11 12 13 14 15 17 | 17.0

Action                     |  1- 3 |  4- 6 |  7- 9 | 10-12 | 13-15 | 16-18 | 19-21 | 22-24 | 25-27 || total
---------------------------+-------+-------+-------+-------+-------+-------+-------+-------+-------++-------
  Melee: War axe           |    78 |   162 |   309 |   315 |       |       |       |       |       ||   864
         Broad axe         |       |       |       |   254 |  1128 |  1504 |  1445 |  1240 |  1941 ||  7512
         Flail             |       |       |       |       |       |     5 |       |       |       ||     5
  Throw: Boomerang         |     4 |    29 |       |       |       |    23 |       |       |       ||    56
         Javelin           |       |       |       |       |    50 |   100 |   172 |    96 |   235 ||   653
 Invoke: Heroism           |       |       |     7 |    23 |    36 |    33 |    12 |    36 |    52 ||   199
         Finesse           |       |       |       |     2 |     6 |     7 |     7 |     8 |     3 ||    33
    Use: Scroll            |     5 |     3 |     9 |    11 |     8 |     4 |     1 |     3 |    18 ||    62
         Potion            |     3 |     3 |     3 |     3 |     2 |       |     1 |     2 |    36 ||    53
   Stab: Petrified         |       |       |       |       |       |       |       |     2 |       ||     2
         Distracted        |       |       |       |       |       |       |       |       |     2 ||     2
         Confused          |       |       |       |       |       |       |       |       |     1 ||     1
 Armour: Scale mail        |    23 |       |       |       |       |       |       |       |       ||    23
         Chain mail        |    23 |   119 |   160 |   241 |   470 |   593 |   552 |   350 |       ||  2508
         Gold dragon scale |       |       |       |       |       |       |       |   182 |   974 ||  1156
  Dodge: Dodged            |    32 |    79 |    85 |   161 |   455 |   618 |   527 |   470 |   734 ||  3161
         Repelled          |       |       |       |       |     1 |       |       |       |       ||     1
  Block: Buckler           |    13 |    32 |    86 |   247 |   475 |   215 |       |       |       ||  1068
         Reflection        |       |       |     4 |    10 |    13 |   120 |    46 |       |       ||   193
         Kite shield       |       |       |       |       |       |   878 |   540 |       |       ||  1418
         Tower shield      |       |       |       |       |       |       |   434 |  1014 |  1990 ||  3438

Table legend:
 A = Non-vault XP
 B = Vault XP
 C = Vault XP percentage of total XP
 D = Non-vault monster count
 E = Vault monster count
 F = Vault count percentage of total count
                 A         B        C        D         E       F
            +---------+---------+-------+---------+---------+-------
      Total |  826006 |  664751 |  44.6 |    1510 |     943 |  38.4
            +---------+---------+-------+---------+---------+-------
        D:1 |      26 |       0 |   0.0 |      15 |       0 |   0.0
        D:2 |      83 |       0 |   0.0 |      15 |       0 |   0.0
        D:3 |      33 |      46 |  58.2 |      12 |       6 |  33.3
        D:4 |     357 |      84 |  19.0 |      25 |       5 |  16.7
        D:5 |     598 |    1198 |  66.7 |      23 |       8 |  25.8
        D:6 |     757 |       0 |   0.0 |      12 |       0 |   0.0
        D:7 |    1244 |      20 |   1.6 |      15 |       3 |  16.7
        D:8 |    2218 |    1608 |  42.0 |      23 |       4 |  14.8
        D:9 |    4129 |       0 |   0.0 |      30 |       0 |   0.0
       D:10 |    2561 |       0 |   0.0 |       9 |       0 |   0.0
       D:11 |    3436 |    3610 |  51.2 |       9 |      22 |  71.0
       D:12 |    2928 |    2376 |  44.8 |      13 |       9 |  40.9
       D:13 |    8751 |    3408 |  28.0 |      23 |       9 |  28.1
       D:14 |   10914 |    7865 |  41.9 |      29 |      25 |  46.3
       D:15 |    8040 |    5171 |  39.1 |      19 |       9 |  32.1
     Lair:1 |    7497 |     755 |   9.1 |      19 |       2 |   9.5
     Lair:2 |    3442 |    9058 |  72.5 |      17 |      31 |  64.6
     Lair:3 |    8882 |     605 |   6.4 |      31 |       1 |   3.1
     Lair:4 |    7512 |    1127 |  13.0 |      24 |       3 |  11.1
     Lair:5 |   18271 |   13618 |  42.7 |      44 |      40 |  47.6
   Shoals:1 |   16968 |    6047 |  26.3 |      33 |       9 |  21.4
   Shoals:2 |    9977 |       0 |   0.0 |      22 |       0 |   0.0
   Shoals:3 |   21268 |       0 |   0.0 |      40 |       0 |   0.0
   Shoals:4 |   11833 |   21414 |  64.4 |      25 |      39 |  60.9
    Snake:1 |   23740 |       0 |   0.0 |      50 |       0 |   0.0
    Snake:2 |   16756 |    2914 |  14.8 |      41 |       6 |  12.8
    Snake:3 |   26345 |    1305 |   4.7 |      57 |       1 |   1.7
    Snake:4 |   18591 |   26039 |  58.3 |      37 |      39 |  51.3
    Slime:1 |   21986 |       0 |   0.0 |      45 |       0 |   0.0
    Slime:2 |    3287 |       0 |   0.0 |       5 |       0 |   0.0
    Slime:3 |    5177 |       0 |   0.0 |       5 |       0 |   0.0
    Slime:4 |     910 |       0 |   0.0 |       1 |       0 |   0.0
    Slime:5 |   20464 |   25802 |  55.8 |      28 |      17 |  37.8
      Orc:1 |    6107 |       0 |   0.0 |      35 |       0 |   0.0
      Orc:2 |    1453 |    9277 |  86.5 |      23 |      57 |  71.2
   Vaults:1 |   28678 |   20483 |  41.7 |      46 |      25 |  35.2
   Vaults:2 |   37782 |   24397 |  39.2 |      53 |      32 |  37.6
   Vaults:3 |   31724 |   31703 |  50.0 |      48 |      39 |  44.8
   Vaults:4 |   28703 |   28249 |  49.6 |      40 |      37 |  48.1
   Vaults:5 |   14597 |   99437 |  87.2 |      22 |      90 |  80.4
    Crypt:1 |   26986 |    6625 |  19.7 |      40 |       8 |  16.7
    Crypt:2 |   26279 |       0 |   0.0 |      39 |       0 |   0.0
    Crypt:3 |   37133 |   36751 |  49.7 |      49 |      46 |  48.4
     Tomb:1 |   12912 |   50630 |  79.7 |      30 |      48 |  61.5
     Tomb:2 |    7823 |   27063 |  77.6 |      16 |      61 |  79.2
     Tomb:3 |    2813 |   32731 |  92.1 |       8 |      46 |  85.2
   Depths:1 |   17809 |    9836 |  35.6 |      21 |      10 |  32.3
   Depths:2 |   22726 |   35413 |  60.9 |      25 |      45 |  64.3
   Depths:3 |   26909 |   14355 |  34.8 |      32 |       8 |  20.0
   Depths:4 |   42333 |   39052 |  48.0 |      46 |      33 |  41.8
      Zot:1 |   34110 |   50644 |  59.8 |      28 |      40 |  58.8
      Zot:2 |   40819 |       0 |   0.0 |      34 |       0 |   0.0
      Zot:3 |   38393 |       0 |   0.0 |      30 |       0 |   0.0
      Zot:4 |   50936 |   13743 |  21.2 |      49 |       9 |  15.5
      Sewer |       0 |     143 | 100.0 |       0 |       5 | 100.0
    Ossuary |       0 |     149 | 100.0 |       0 |      16 | 100.0
            +---------+---------+-------+---------+---------+-------
